 Dungeon Crawl Stone Soup version 0.29.0-15-g675c0067aa (webtiles) character file.

Game seed: 3600788358698706170

588158 qw the Conqueror (level 27, 0/197 (199) HPs)
             Began as a Gargoyle Fighter on Sept 13, 2022.
             Was an Elder of Okawaru.
             Slain by a phantasmal warrior (11 damage)
             ... summoned by a mummy priest
             ... on level 2 of the Tomb of the Ancients.
             The game lasted 00:32:49 (64210 turns).

qw the Conqueror (Gargoyle Fighter)                Turns: 64210, Time: 00:32:50

HP:   0/197 (199)   AC: 77    Str: 33      XL:     27
MP:   10/31         EV: 16    Int:  6      God:    Okawaru [****..]
Gold: 1546          SH: 32    Dex: 15 (19) Spells: 26/26 levels left

rFire   + . .      SeeInvis +   i - +9 broad axe (chaos)
rCold   + + +      Faith    .   t - +2 tower shield
rNeg    + . .      Spirit   .   N - +5 gold dragon scales "Ryrpheep" {Rampage rPois rF+ rC+}
rPois   inf        Reflect  +   L - +2 helmet {SInv}
rElec   +          Harm     .   z - +4 dragonskin cloak
rCorr   .          Rampage  inf m - +3 pair of gauntlets of War {Slay+5}
Will    +....      Rage     3%  c - +3 pair of seven-league boots {Rampage+∞}
Stlth   ..........              D - amulet of reflection
HPRegen 0.42/turn               l - ring "Jiaroyck" {rC++ Str+4 Dex+6}
MPRegen 0.22/turn               H - +4 ring of protection

@: about to teleport, weak-willed, heroic, on berserk cooldown, flying, slowed,
lightly drained, very slow
A: sickness immunity, AC +20, big wings, negative energy resistance 1,
electricity resistance, torment resistance 1, petrification resistance, agile 1,
berserk 1, deterioration 2, dopey 2, weak 1, MP-powered wands
}: 3/15 runes: barnacled, silver, gossamer
a: Renounce Religion, Heroism, Finesse


You were on level 2 of the Tomb of the Ancients.
You worshipped Okawaru.
Okawaru was greatly pleased with you.
You visited 11 branches of the dungeon, and saw 50 of its levels.
You visited the Abyss 1 time.

You collected 5747 gold pieces.
You spent 4201 gold pieces at shops.


Innate Abilities, Weirdness & Mutations

You are immune to sickness and miasma.
Your stone body is resilient. (AC +20)
You are immune to poison.
Your large and strong wings let you fly.
You resist negative energy. (rN+)
You are resistant to electric shocks. (rElec)
You are resistant to unholy torment.
You are immune to petrification.
You are agile. (Dex +4, Str/Int -1)
You sometimes lose your temper in combat.
Your body often deteriorates upon taking damage.
You are very dopey. (Int -4)
You are weak. (Str -2)
You expend magic power (3 MP) to strengthen your wands.


   Skills:
 O Level 27 Fighting
 + Level 18.0(23.0) Axes
 - Level 14.0(19.0) Throwing
 - Level 23.2(27) Armour
 - Level 13.9(18.9) Dodging
 - Level 22.0(27) Shields
 - Level 11.8 Invocations


You had 26 spell levels left.
You didn't know any spells.
Your spell library was empty.

Inventory:

Hand Weapons
 i - a +9 broad axe of chaos (weapon)
Missiles
 b - 5 silver boomerangs (quivered)
 p - 46 boomerangs
 J - 9 boomerangs of dispersal
Armour
 c - the +3 pair of seven-league boots (worn) {Rampage+∞}
   (You acquired it on level 2 of the Crypt)

   Its wearer moves as far as possible in that direction when moving towards
   enemies.
 m - the +3 pair of gauntlets of War (worn) {Slay+5}
   (Okawaru gifted it to you on level 4 of the Vaults)

   Slay:      It affects your accuracy & damage with ranged weapons and melee
   (+5).
 t - a +2 tower shield (worn)
 z - the +4 dragonskin cloak (worn)
   (You took it off Tiamat on level 4 of the Realm of Zot)

   It grants the wearer a chance to resist fire, cold, poison, electricity,
   acid, and negative energy.
 G - a scarf of resistance
 L - a +2 helmet of see invisible (worn)
 N - the +5 gold dragon scales "Ryrpheep" (worn) {Rampage rPois rF+ rC+}
   (You found it on level 5 of the Vaults)

   rF:        It protects you from fire.
   rC:        It protects you from cold.
   rPois:     It protects you from poison.
   Rampage:   It bestows one free step when moving towards enemies.
Jewellery
 f - a ring of protection from fire
 l - the ring "Jiaroyck" (left hand) {rC++ Str+4 Dex+6}
   (You acquired it on level 3 of the Realm of Zot)

   [ring of dexterity]

   Str:       It affects your strength (+4).
   Dex:       It affects your dexterity (+6).
   rC:        It greatly protects you from cold.
 w - a ring of resist corrosion
 D - an amulet of reflection (around neck)
 E - a ring of protection from cold
 F - a ring of protection from fire
 H - a +4 ring of protection (right hand)
 I - the ring "Obyzy" {Ice Slay+2}
   (You took it off a merfolk impaler on level 4 of the Shoals)

   [ring of ice]

   It enhances your ice magic.
   Slay:      It affects your accuracy & damage with ranged weapons and melee
   (+2).
   rF:        It makes you vulnerable to fire.
   rC:        It protects you from cold.
Scrolls
 g - 13 scrolls of identify
 n - 2 scrolls of teleportation
 u - a scroll of enchant armour
 x - 13 scrolls of fog
 y - 5 scrolls of blinking
 A - 3 scrolls of enchant weapon
Potions
 a - 12 potions of attraction
 d - 5 potions of might
 e - 6 potions of mutation
 h - 9 potions of haste
 j - 5 potions of cancellation
 k - 9 potions of lignification
 q - 4 potions of resistance
 s - 24 potions of curing

Dungeon Overview and Level Annotations

Branches:
Dungeon (15/15)            Temple (1/1) D:6            Lair (5/5) D:11
 Shoals (4/4) Lair:2       Spider (4/4) Lair:3        Slime (0/5) Lair:5
    Orc (2/2) D:9             Elf (0/3) Orc:2        Vaults (5/5) D:13
  Crypt (3/3) Vaults:3       Tomb (2/3) Crypt:3      Depths (4/4) D:15
    Zot (5/5) Depths:4

Altars:
Ashenzari
Cheibriados
Dithmenos
Elyvilon
Fedhas
Gozag
Hepliaklqana
Kikubaaqudgha
Makhleb
Nemelex Xobeh
Okawaru
Qazlal
Ru
Sif Muna
Trog
Uskayaw
Vehumet
Wu Jian
Xom
Yredelemnul
Zin
The Shining One
Jiyva

Shops:
D:5 [   D:6 *   D:14 [**   Orc:1 !   Orc:2 ([::   Vaults:2 !   Vaults:3 =
Vaults:5 :   Depths:4 ?*:

Portals:
Hell: Depths:1 Depths:2 Depths:3 Depths:4
Abyss: Depths:2 Depths:3 Depths:4
Pandemonium: Depths:2
Ziggurat: Depths:3

Annotations:
Shoals:1 3 runed translucent doors, popps's ghost, adept GrFi; sangerfol's ghost, adept FoFi
Vaults:3 3 runed translucent doors, qw's ghost, adept GrFi


Message History

The lich seems to speed up.
A bennu comes into view.
The mummy priest calls on the powers of darkness!
The bennu convulses!
Your body is wracked with pain!
The bennu convulses!
The bennu screeches!
The lich moves out of view.
64208 ||| READING 3 scrolls of teleportation.
As you read the scroll of teleportation, it crumbles to dust.
You feel strangely unstable. You block the bennu's attack. x3
The bennu's plumage briefly flares with an otherwordly flame.
You block the bennu's attack. The bennu barely misses you.
You block the bennu's attack.
You carve the bennu like a ham!!! You freeze the bennu.
Okawaru accepts your kill.
The bennu renews itself in a burst of flame!
You hit the bennu. You slash the guardian mummy!
The bennu blazes out!
The pyre of ghostly fire engulfs the bennu.
The bennu completely resists.
The pyre of ghostly fire engulfs you. You partially resist.
You feel drained.
The pyre of ghostly fire engulfs the bennu.
The bennu completely resists.
The pyre of ghostly fire engulfs the guardian mummy.
The guardian mummy completely resists.
You block the bennu's attack. x3
A skeletal warrior comes into view. It is wielding a +0 long sword.
The mummy priest mumbles some strange prayers to its god.
The bennu misses you. The bennu barely misses you.
The bennu claws you but does no damage. You block the guardian mummy's attack.
You miss the bennu.
The bennu is moderately wounded.
You barely miss the bennu.
You closely miss the phantasmal warrior.
You closely miss the guardian mummy.
You block the bennu's attack. x2; The bennu closely misses you.
The jiangshi barely misses you. You block the jiangshi's attack.
The bennu closely misses you. You block the bennu's attack.
The bennu misses you. The guardian mummy closely misses you.
The phantasmal warrior hits you!
You die...

#.Zs..z......
..<#^..(........
.z.#............
^..#............
...#.($.......^. .^
#...M........
###b###............
#.LV^.#............
#.@bW.#....(.......
#.WM..#........#...
#.M.M9#............
#.....#.M.....)....
#.....#............
#.....#..####......
#.....#.. #......
###'###..####....[/
#^ (.......$.


You could see a lich (fast), 2 bennus, a mummy priest, a skeletal warrior, a
jiangshi (summoned), a phantasmal warrior (summoned), a guardian mummy, an
ushabti, a wraith (summoned) and a mummy.

Vanquished Creatures
  5 dread liches
  Tiamat (Zot:4)
  5 ancient liches
  5 orbs of fire
  Mennas (Depths:3)
  A juggernaut (Depths:3)
  Boris (thrice) (Vaults:3 Crypt:1 Tomb:2)
  2 royal mummies (Tomb:2)
  Margery (Vaults:3)
  5 Killer Klowns
  Bai Suzhen (Spider:4)
  Saint Roka (Vaults:3)
  A caustic shrike (Depths:3)
  5 curse toes
  Nikola (Vaults:3)
  7 golden dragons
  An electric golem (Zot:3)
  17 tentacled monstrosities
  19 Orb Guardians (Zot:5)
  5 titans
  Jorgrun (D:14)
  Asterion (Vaults:1)
  2 deep elf blademasters (Crypt:1)
  A kraken (Shoals:3)
  2 deep elf master archers (Crypt:1)
  17 liches
  8 ancient champions
  3 quicksilver dragons
  8 sphinxes
  6 tengu reavers
  10 shadow dragons
  Ilsuiw (Shoals:3)
  10 death cobs
  15 storm dragons
  3 revenants
  11 draconian knights
  7 draconian monks
  8 frost giants
  8 fire giants
  Aizul (Spider:3)
  3 emperor scorpions
  4 orc warlords
  A caustic shrike zombie (Crypt:1)
  2 iron dragons
  Louise (Shoals:1)
  9 ghost moths
  15 vault wardens
  6 draconian scorchers
  4 curse skulls
  2 war gargoyles (Vaults:4)
  6 draconian shifters
  7 very ugly things
  A ghoul (Crypt:1)
  16 ironbound preservers
  A reaper (Crypt:3)
  5 draconian stormcallers
  8 green draconians
  5 ironbound thunderhulks
  20 stone giants
  3 draconian annihilators
  10 broodmothers
  A deep elf demonologist (Vaults:5)
  9 bennus
  9 vampire knights
  16 black draconians
  5 entropy weavers
  3 dire elephants (Vaults:1)
  8 white draconians
  10 yellow draconians
  16 red draconians
  6 spark wasps
  Azrael (D:14)
  15 purple draconians
  6 ettins
  3 deep elf death magi
  8 eidola
  15 merfolk impalers
  13 mummy priests
  2 fire dragons
  2 quicksilver dragon zombies
  4 merfolk javelineers
  5 jiangshi (Crypt:1)
  An elf skeleton (Crypt:1)
  14 yaktaur captains
  4 hydras
  4 jorogumos
  41 vault guards
  3 great orbs of eyes (Vaults:4)
  4 rakshasas
  A fenstrider witch zombie (Crypt:1)
  10 ice dragons
  2 peacekeepers (Vaults:4)
  A spriggan zombie (Crypt:1)
  A hydra (shapeshifter) (Depths:3)
  2 ghost crabs (Spider:1)
  2 merfolk avatars (Shoals:3)
  2 ogre magi
  A spriggan air mage (Depths:2)
  2 boulder beetles
  3 spriggan skeletons
  4 satyrs
  7 ironbound frosthearts
  2 catoblepae
  An anaconda (shapeshifter) (Vaults:5)
  19 centaur warriors
  3 radroaches
  An azure jelly zombie (Crypt:2)
  15 two-headed ogres
  6 deep troll shamans
  3 death knights (Crypt:2)
  A bennu zombie (Crypt:3)
  9 death yaks (Lair:5)
  9 deep troll earth magi
  5 merfolk aquamancers (Shoals:4)
  8 tengu warriors
  Urug (Lair:2)
  5 hell knights
  14 death scarabs
  10 vampire magi
  4 orc high priests (Orc:2)
  3 spriggan berserkers
  2 soul eaters (Crypt:2)
  A storm dragon zombie (Depths:2)
  19 skeletal warriors
  2 storm dragon skeletons
  A shadow wraith (Crypt:2)
  7 deep elf knights (Crypt:1)
  A spark wasp zombie (Crypt:2)
  3 sun moths
  10 iron trolls
  6 pharaoh ants
  A goliath frog (shapeshifter) (Depths:3)
  5 sea snakes
  6 flayed ghosts
  A glowing orange brain (Depths:3)
  A deep troll (shapeshifter) (Depths:3)
  59 deep trolls
  5 orb spiders
  7 steelbarb worms
  10 lindwurms
  2 bog bodies (Crypt:1)
  19 necromancers
  A harpy (shapeshifter) (Depths:1)
  2 deep elf archers (Crypt:1)
  18 ironbound convokers
  A golden dragon skeleton (Depths:3)
  16 orc knights
  9 phantasmal warriors
  10 wizards
  4 deep elf zephyrmancers (Crypt:1)
  2 iron dragon zombies
  47 harpies
  40 ugly things
  2 stone giant zombies
  4 deep elf pyromancers
  11 orc sorcerers
  32 moths of wrath
  A frost giant zombie (Vaults:1)
  13 manticores
  11 fauns
  22 wolf spiders
  2 cyclopes
  An iron dragon skeleton (Depths:3)
  4 elephants (Lair:5)
  A tengu skeleton (Depths:3)
  A shadow dragon skeleton (Crypt:1)
  14 merfolk sirens
  2 naga zombies (Crypt:1)
  5 human skeletons
  3 centaur zombies (Crypt:1)
  10 black mambas
  A guardian serpent (Lair:5)
  A guardian serpent (shapeshifter) (D:9)
  16 vault sentinels
  9 torpor snails
  7 water nymphs
  A centaur skeleton (Tomb:2)
  2 gargoyles
  3 demonic crawlers
  2 naga skeletons
  17 cane toads
  A pale draconian zombie (Crypt:1)
  2 dire elephant skeletons
  A rime drake (Lair:1)
  A rime drake (shapeshifter) (Vaults:5)
  10 komodo dragons
  9 freezing wraiths
  19 yaktaurs
  A green draconian skeleton (Crypt:2)
  6 tengu conjurers
  An iron troll skeleton (Crypt:1)
  A red devil (Depths:2)
  35 merfolk
  30 guardian mummies
  A minotaur skeleton (Crypt:2)
  A tormentor (Zot:4)
  2 purple draconian skeletons (Crypt:3)
  2 hydra zombies
  7 meliai
  2 ice devils (D:11)
  10 wind drakes
  A meliai (shapeshifter) (Depths:3)
  3 polar bears
  A yellow draconian skeleton (Crypt:2)
  27 tarantellas
  A sea snake skeleton (Crypt:3)
  A troll (shapeshifter) (Zot:5)
  3 hornets
  11 trolls
  17 blink frogs
  6 harpy zombies
  A blink frog (shapeshifter) (Depths:3)
  4 tyrant leeches (Spider:1)
  A tarantella (shapeshifter) (Depths:3)
  29 slime creatures
  A fire dragon zombie (Tomb:2)
  A meliai zombie (Crypt:1)
  3 harpy skeletons
  A hydra skeleton (Crypt:1)
  A frost giant simulacrum (Vaults:4)
  20 dream sheep
  An alligator zombie (Crypt:3)
  9 snapping turtles
  28 jumping spiders
  43 flying skulls
  Sigmund (D:6)
  An ettin skeleton (Crypt:2)
  26 water elementals
  A shapeshifter (Zot:4)
  A fire dragon skeleton (Crypt:1)
  2 jumping spiders (shapeshifter) (Shoals:4)
  A shadow (D:10)
  26 culicivoras
  11 wyverns
  3 ushabtiu
  7 air elementals (Shoals:4)
  A dire elephant simulacrum (Crypt:2)
  16 yaks
  A hog (shapeshifter) (D:15)
  4 wraiths
  A golden eye (shapeshifter) (Depths:3)
  A steam dragon (D:6)
  58 redbacks
  A redback (shapeshifter) (Vaults:5)
  5 basilisks
  3 fire elementals (D:14)
  12 vampire mosquitoes
  2 wargs
  15 water moccasins
  A human simulacrum (Vaults:1)
  A glowing orange brain zombie (Crypt:1)
  A small abomination (Abyss:2)
  A hell hound (D:14)
  A glowing shapeshifter skeleton (Vaults:1)
  An ice beast (D:8)
  A swamp drake (D:9)
  A sky beast (D:6)
  47 orc warriors
  An ice beast (shapeshifter) (Depths:3)
  15 ogres
  A black bear (D:6)
  A dream sheep zombie (Crypt:2)
  5 centaurs
  5 boggarts (D:15)
  21 wolves
  A centaur (shapeshifter) (Depths:3)
  A swamp dragon skeleton (Crypt:1)
  3 kobold brigands
  A yaktaur zombie (Crypt:2)
  15 bullfrogs
  A glowing shapeshifter simulacrum (Vaults:1)
  3 necrophages
  5 scorpions
  A raiju zombie (Crypt:2)
  5 killer bees (D:9)
  A warg skeleton (Crypt:1)
  6 howler monkeys
  A vampire bat (D:14)
  A yak skeleton (Crypt:2)
  2 electric eels (D:13)
  A shapeshifter skeleton (Crypt:2)
  A lava snake (D:11)
  A human zombie (Crypt:1)
  36 orc priests
  2 hounds
  2 jellies (D:6)
  A gnoll bouda (D:8)
  A boggart zombie (Crypt:3)
  4 iguanas
  23 orc wizards
  6 hell rats (Lair:5)
  An ogre skeleton (Crypt:2)
  31 mummies
  6 gnolls
  6 adders
  A river rat (D:3)
  4 white imps
  An ufetubus (D:7)
  A jelly zombie (Crypt:3)
  2 worms (D:3)
  A dart slug (D:1)
  125 orcs
  6 ball pythons
  5 endoplasms
  6 giant cockroaches
  8 goblins
  13 hobgoblins
  18 kobolds
  4 quokkas
  10 bats
  6 frilled lizards
  A kobold skeleton (Crypt:1)
  8 rats
  4 tentacles (Shoals:3)
2293 creatures vanquished.

Vanquished Creatures (others)
  A death cob (Zot:2)
  An eldritch tentacle (Tomb:2)
  A draconian knight (Zot:2)
  A fire giant (Vaults:5)
  A white draconian (Zot:5)
  A yellow draconian (Zot:4)
  An ettin (Vaults:5)
  A deep elf knight (Crypt:1)
  A wolf spider (shapeshifter) (D:15)
  A flying skull (Zot:4)
  An air elemental (Shoals:4)
  An orc (Orc:2)
  33 fungi
  67 plants
  3 tentacles (Shoals:3)
  6 withered plants (Shoals:1)
121 creatures vanquished.

Grand Total: 2414 creatures vanquished

Notes
Turn   | Place    | Note
-------+----------+-------------------------------------------
     0 | D:1      | qw the Gargoyle Fighter began the quest for the Orb.
     0 | D:1      | Reached XP level 1. HP: 14/14 MP: 1/1
     0 | D:1      | 0 ||| qw: Version: 0.1-a-119-g272c26d
     0 | D:1      | 0 ||| qw: Game counter: 11062
     0 | D:1      | 0 ||| qw: Always use a shield: true
     0 | D:1      | 0 ||| qw: God list: Okawaru
     0 | D:1      | 0 ||| qw: Allow faded altars: false
     0 | D:1      | 0 ||| qw: Do Orc after D:15 true
     0 | D:1      | 0 ||| qw: Do second Lair branch before Depths: true
     0 | D:1      | 0 ||| qw: Lair rune preference: random
     0 | D:1      | 0 ||| qw: Plans: Normal, Zot, God:TSO, Crypt, Tomb, Pan,
                  | Slime, Hells, Zig, Abyss, Orb
     0 | D:1      | 0 ||| PLANNING D:1-11
    18 | D:1      | 18 ||| Stepping ~*~*~tactically~*~*~ (stealth).
    43 | D:1      | 43 ||| Stepping ~*~*~tactically~*~*~ (stealth).
   214 | D:1      | Reached XP level 2. HP: 19/19 MP: 2/2
   482 | D:1      | 482 ||| Stepping ~*~*~tactically~*~*~ (stealth).
   483 | D:1      | 483 ||| Stepping ~*~*~tactically~*~*~ (stealth).
   539 | D:1      | 539 ||| DROPPING +0 club.
   655 | D:1      | Reached skill level 3 in Axes
   781 | D:1      | Reached XP level 3. HP: 23/23 MP: 3/3
   898 | D:1      | Found a faded altar of an unknown god.
   957 | D:1      | 957 ||| Stepping ~*~*~tactically~*~*~ (hiding).
  1014 | D:1      | 1014 ||| Stepping ~*~*~tactically~*~*~ (stealth).
  1015 | D:1      | 1015 ||| Stepping ~*~*~tactically~*~*~ (stealth).
  1016 | D:1      | 1016 ||| Stepping ~*~*~tactically~*~*~ (stealth).
  1180 | D:1      | 1180 ||| READING scroll labelled UTIOJU QONKYAC.
  1286 | D:2      | You fall into a shaft and drop 1 floor!
  1287 | D:3      | 1287 ||| PLANNING SEWER
  1291 | D:3      | 1291 ||| Stepping ~*~*~tactically~*~*~ (stealth).
  1454 | D:3      | Found a hide-covered altar of Uskayaw.
  1575 | D:3      | 1575 ||| Stepping ~*~*~tactically~*~*~ (stealth).
  1777 | D:3      | Reached XP level 4. HP: 23/28 MP: 4/4
  1921 | D:3      | 1921 ||| RIP SEWER
  1923 | D:3      | 1923 ||| PLANNING D:1-11
  1923 | D:3      | 1923 ||| UPGRADING to +0 pair of gloves.
  1928 | D:3      | 1928 ||| READING scroll labelled UMUAXZ IDWE.
  1933 | D:3      | 1933 ||| DRINKING 3 lumpy ruby potions.
  1934 | D:3      | 1934 ||| DRINKING 2 murky blue potions.
  2035 | D:3      | 2035 ||| DROPPING potion of ambrosia.
  2663 | D:2      | 2663 ||| READING scroll labelled SIUMUO JOPLAKI.
  2664 | D:2      | 2664 ||| READING scroll labelled HOTAID JYTIEBU.
  2665 | D:2      | 2665 ||| DRINKING 2 smoky grey potions.
  2665 | D:2      | Gained mutation: Your magical capacity is low. (-10% MP)
                  | [potion of mutation]
  2665 | D:2      | Gained mutation: Your movements are slightly less
                  | encumbered by armour. (ER -2) [potion of mutation]
  2666 | D:2      | 2666 ||| DRINKING 2 fizzy cyan potions.
  2783 | D:3      | Noticed a kobold brigand
  2793 | D:3      | Killed a kobold brigand
  2794 | D:3      | Reached XP level 5. HP: 24/32 MP: 4/4
  2876 | D:3      | 2876 ||| DROPPING +0 whip.
  3177 | D:4      | Reached skill level 4 in Fighting
  3491 | D:4      | 3491 ||| READING scroll of teleportation.
  3509 | D:4      | 3509 ||| Stepping ~*~*~tactically~*~*~ (stealth).
  3524 | D:4      | Reached skill level 1 in Dodging
  3524 | D:4      | Reached XP level 6. HP: 30/38 MP: 5/5
  3588 | D:4      | 3588 ||| Stepping randomly (stuck).
  3647 | D:4      | 3647 ||| READING scroll of teleportation.
  3820 | D:4      | 3820 ||| UPGRADING to amulet of regeneration.
  4077 | D:4      | 4077 ||| DRINKING 2 blue potions.
  4078 | D:4      | 4078 ||| DROPPING potion of degeneration.
  4079 | D:4      | 4079 ||| READING scroll of teleportation.
  4253 | D:4      | 4253 ||| Stepping ~*~*~tactically~*~*~ (stealth).
  4254 | D:4      | 4254 ||| Stepping ~*~*~tactically~*~*~ (stealth).
  4287 | D:4      | 4287 ||| READING scroll labelled OJICVY HIDGHET.
  4334 | D:4      | 4334 ||| Stepping ~*~*~tactically~*~*~ (stealth).
  4346 | D:5      | Entered Level 5 of the Dungeon
  4411 | D:5      | 4411 ||| Stepping ~*~*~tactically~*~*~ (stealth).
  4426 | D:5      | Reached skill level 6 in Axes
  4426 | D:5      | Reached XP level 7. HP: 40/43 MP: 6/6
  4559 | D:5      | 4559 ||| Stepping ~*~*~tactically~*~*~ (hiding).
  4560 | D:5      | 4560 ||| Stepping ~*~*~tactically~*~*~ (hiding).
  4561 | D:5      | 4561 ||| Stepping ~*~*~tactically~*~*~ (hiding).
  4562 | D:5      | 4562 ||| Stepping ~*~*~tactically~*~*~ (hiding).
  4563 | D:5      | 4563 ||| Stepping ~*~*~tactically~*~*~ (hiding).
  4774 | D:5      | Found Astog Juha's Armour Shop.
  4782 | D:5      | 4782 ||| BUYING +0 helmet (49 gold).
  4782 | D:5      | Bought a +0 helmet for 49 gold pieces
  4782 | D:5      | 4782 ||| SHOPLISTING +2 buckler of Anaesthesia {rC- Int+4}
                  | (251 gold, have 110).
  5051 | D:5      | 5051 ||| UPGRADING to +0 plate armour.
  5061 | D:5      | 5061 ||| DROPPING +0 scale mail.
  5062 | D:5      | 5062 ||| UPGRADING to +0 helmet.
  5067 | D:5      | 5067 ||| DRINKING 2 white potions.
  5068 | D:5      | 5068 ||| DRINKING 3 sapphire potions.
  5069 | D:5      | 5069 ||| READING 2 scrolls of identify.
  5069 | D:5      | 5069 ||| IDENTIFYING murky sapphire potion
  5070 | D:5      | 5070 ||| DROPPING 2 potions of brilliance.
  5108 | D:6      | 5108 ||| Stepping ~*~*~tactically~*~*~ (stealth).
  5115 | D:6      | 5115 ||| Stepping ~*~*~tactically~*~*~ (stealth).
  5117 | D:6      | 5117 ||| Stepping ~*~*~tactically~*~*~ (hiding).
  5120 | D:6      | 5120 ||| Stepping ~*~*~tactically~*~*~ (hiding).
  5121 | D:6      | 5121 ||| Stepping ~*~*~tactically~*~*~ (hiding).
  5122 | D:6      | 5122 ||| Stepping ~*~*~tactically~*~*~ (hiding).
  5124 | D:6      | 5124 ||| Stepping ~*~*~tactically~*~*~ (hiding).
  5218 | D:6      | 5218 ||| Stepping ~*~*~tactically~*~*~ (stealth).
  5277 | D:6      | Noticed Sigmund
  5289 | D:6      | 5289 ||| DRINKING 2 potions of curing.
  5289 | D:6      | 5289 ||| (to cure confusion)
  5302 | D:6      | 5302 ||| DRINKING potion of curing.
  5302 | D:6      | 5302 ||| (to cure confusion)
  5313 | D:6      | Killed Sigmund
  5314 | D:6      | Reached skill level 5 in Fighting
  5314 | D:6      | Reached XP level 8. HP: 28/49 MP: 7/7
  5343 | D:6      | 5343 ||| Stepping ~*~*~tactically~*~*~ (stealth).
  5344 | D:6      | 5344 ||| Stepping ~*~*~tactically~*~*~ (stealth).
  5345 | D:6      | 5345 ||| Stepping ~*~*~tactically~*~*~ (stealth).
  5356 | D:6      | Reached skill level 1 in Throwing
  5370 | D:6      | 5370 ||| DROPPING +0 flail.
  5373 | D:6      | 5373 ||| Stepping ~*~*~tactically~*~*~ (stealth).
  5374 | D:6      | 5374 ||| Stepping ~*~*~tactically~*~*~ (hiding).
  5398 | D:6      | HP: 4/49 [orc priest/divine providence (16)]
  5402 | D:6      | 5402 ||| READING scroll of teleportation.
  5508 | D:6      | 5508 ||| Invisible monster not found???
  5602 | D:6      | 5602 ||| Stepping ~*~*~tactically~*~*~ (hiding).
  5637 | D:6      | Found a staircase to the Ecumenical Temple.
  5638 | D:6      | 5638 ||| PLANNING TEMPLE
  5638 | D:6      | 5638 ||| READING scroll labelled HOIDOOZETEI.
  5639 | D:6      | 5639 ||| READING scroll labelled WONOEKAEPP.
  5639 | D:6      | Identified a scroll of acquirement
  5639 | D:6      | 5639 ||| ACQUIRING +1 pair of gloves of Hepliaklqana's
                  | Grace {Dex+7}
  5639 | D:6      | Acquired the +1 pair of gloves of Hepliaklqana's Grace
                  | {Dex+7}
  5641 | D:6      | 5641 ||| UPGRADING to +1 pair of gloves of Hepliaklqana's
                  | Grace {Dex+7}.
  5651 | D:6      | 5651 ||| DROPPING +0 pair of gloves.
  5652 | D:6      | 5652 ||| READING 3 scrolls of identify.
  5652 | D:6      | 5652 ||| IDENTIFYING green potion
  5653 | D:6      | 5653 ||| DROPPING potion of flight.
  5656 | D:6      | 5656 ||| FLEEEEING.
  5657 | D:6      | 5657 ||| FLEEEEING.
  5688 | D:6      | Reached skill level 6 in Fighting
  5693 | D:6      | Reached XP level 9. HP: 46/55 MP: 8/8
  5706 | Temple   | Entered the Ecumenical Temple
  5707 | Temple   | 5707 ||| PLANNING D:1-11
  5714 | Temple   | Became a worshipper of Warmaster Okawaru
  5729 | D:6      | 5729 ||| Stepping ~*~*~tactically~*~*~ (stealth).
  5731 | D:6      | 5731 ||| Stepping ~*~*~tactically~*~*~ (stealth).
  5864 | D:6      | Found Riulij's Fire Supplies.
  5880 | D:6      | 5880 ||| SHOPLISTING +0 fire dragon scales (720 gold, have
                  | 142).
  5880 | D:6      | 5880 ||| SHOPLISTING ring of fire (300 gold, have 142).
  5967 | D:6      | 5967 ||| UPGRADING to +4 ring of slaying {mikee}.
  5968 | D:6      | 5968 ||| UPGRADING to ring of protection from cold.
  5969 | D:6      | 5969 ||| READING scroll labelled UMIZOM SEPE.
  5970 | D:6      | 5970 ||| READING 2 scrolls of identify.
  5970 | D:6      | 5970 ||| IDENTIFYING fizzy puce potion
  6045 | D:7      | 6045 ||| Stepping ~*~*~tactically~*~*~ (hiding).
  6046 | D:7      | 6046 ||| Stepping ~*~*~tactically~*~*~ (hiding).
  6047 | D:7      | 6047 ||| Stepping ~*~*~tactically~*~*~ (hiding).
  6049 | D:7      | 6049 ||| Stepping ~*~*~tactically~*~*~ (hiding).
  6395 | D:7      | 6395 ||| Stepping ~*~*~tactically~*~*~ (hiding).
  6559 | D:7      | 6559 ||| Stepping ~*~*~tactically~*~*~ (hiding).
  6715 | D:7      | 6715 ||| STAIRDANCE
  6720 | D:6      | Reached skill level 9 in Axes
  6725 | D:6      | 6725 ||| DROPPING +1 pair of gloves.
  7253 | D:8      | Noticed a troll
  7261 | D:8      | Killed a troll
  7262 | D:8      | Reached skill level 6 in Armour
  7296 | D:8      | Found a white marble altar of Elyvilon.
  7321 | D:8      | 7321 ||| Stepping ~*~*~tactically~*~*~ (hiding).
  7322 | D:8      | 7322 ||| Stepping ~*~*~tactically~*~*~ (hiding).
  7337 | D:8      | Reached * piety under Okawaru
  7353 | D:8      | Found a broken altar of Ashenzari.
  7361 | D:8      | 7361 ||| Stepping ~*~*~tactically~*~*~ (hiding).
  7366 | D:8      | 7366 ||| INVOKING Heroism.
  7445 | D:8      | 7445 ||| Stepping ~*~*~tactically~*~*~ (stealth).
  7446 | D:8      | 7446 ||| INVOKING Heroism.
  7447 | D:8      | 7447 ||| INVOKING Heroism.
  7448 | D:8      | 7448 ||| Stepping ~*~*~tactically~*~*~ (stealth).
  7456 | D:8      | Reached skill level 7 in Fighting
  7456 | D:8      | Reached skill level 1 in Invocations
  7481 | D:8      | 7481 ||| INVOKING Heroism.
  7584 | D:8      | Found a sacrificial altar of Ru.
  7695 | D:8      | Noticed a two-headed ogre
  7696 | D:8      | 7696 ||| INVOKING Heroism.
  7704 | D:8      | Killed a two-headed ogre
  7705 | D:8      | Reached XP level 10. HP: 63/63 MP: 7/11
  7714 | D:8      | 7714 ||| Stepping ~*~*~tactically~*~*~ (hiding).
  7716 | D:8      | 7716 ||| Stepping ~*~*~tactically~*~*~ (hiding).
  7720 | D:8      | Reached ** piety under Okawaru
  7886 | D:8      | 7886 ||| READING scroll labelled FASYUM LASUPPU.
  7913 | D:9      | 7913 ||| INVOKING Heroism.
  8090 | D:9      | Noticed a guardian serpent
  8096 | D:9      | Noticed a two-headed ogre
  8097 | D:9      | 8097 ||| INVOKING Heroism.
  8097 | D:9      | Noticed a two-headed ogre
  8104 | D:9      | Killed a guardian serpent
  8105 | D:9      | Reached skill level 8 in Fighting
  8109 | D:9      | Killed a two-headed ogre
  8116 | D:9      | Killed a two-headed ogre
  8116 | D:9      | Reached *** piety under Okawaru
  8157 | D:9      | 8157 ||| READING 4 scrolls of teleportation.
  8270 | D:9      | Noticed a two-headed ogre
  8271 | D:9      | 8271 ||| INVOKING Heroism.
  8280 | D:9      | Killed a two-headed ogre
  8564 | D:9      | Reached XP level 11. HP: 68/68 MP: 12/12
  8566 | D:9      | 8566 ||| INVOKING Heroism.
  8568 | D:9      | Found a staircase to the Orcish Mines.
  8598 | D:9      | 8598 ||| INVOKING Heroism.
  8806 | D:10     | Entered Level 10 of the Dungeon
  9138 | D:10     | 9138 ||| DRINKING potion of curing.
  9138 | D:10     | 9138 ||| (to cure confusion)
  9466 | D:10     | 9466 ||| INVOKING Heroism.
  9474 | D:10     | Reached skill level 9 in Fighting
  9622 | D:10     | 9622 ||| READING 2 scrolls labelled SYD BOYSEGIU.
  9623 | D:10     | 9623 ||| DROPPING scroll of immolation.
  9658 | D:11     | Noticed a brown ugly thing
  9668 | D:11     | Killed a brown ugly thing
  9668 | D:11     | Reached **** piety under Okawaru
  9742 | D:11     | 9742 ||| INVOKING Heroism.
  9818 | D:11     | Noticed a brown ugly thing
  9819 | D:11     | 9819 ||| INVOKING Heroism.
  9828 | D:11     | Killed a brown ugly thing
  9829 | D:11     | Reached skill level 3 in Dodging
  9838 | D:11     | 9838 ||| FLEEEEING.
  9839 | D:11     | 9839 ||| FLEEEEING.
  9840 | D:11     | 9840 ||| FLEEEEING.
  9891 | D:11     | 9891 ||| FLEEEEING.
  9892 | D:11     | 9892 ||| FLEEEEING.
  9893 | D:11     | 9893 ||| FLEEEEING.
  9976 | D:11     | Identified the +7 chain mail of the Hanged Man {rElec rF+
                  | Str+5 Dex-5}
  9996 | D:11     | 9996 ||| INVOKING Heroism.
 10049 | D:11     | Found a frozen archway.
 10255 | D:11     | Reached skill level 6 in Invocations
 10294 | D:11     | 10294 ||| INVOKING Heroism.
 10336 | D:11     | Found a staircase to the Lair.
 10337 | D:11     | 10337 ||| INVOKING Heroism.
 10513 | D:11     | 10513 ||| PLANNING LAIR
 10513 | D:11     | 10513 ||| UPGRADING to +7 chain mail of the Hanged Man
                  | {rElec rF+ Str+5 Dex-5}.
 10523 | D:11     | 10523 ||| DROPPING +0 plate armour.
 10524 | D:11     | 10524 ||| DROPPING +6 ring of intelligence.
 10525 | D:11     | 10525 ||| DRINKING 4 fuming red potions.
 10526 | D:11     | 10526 ||| READING 2 scrolls of identify.
 10526 | D:11     | 10526 ||| IDENTIFYING lumpy sapphire potion
 10573 | Lair:1   | Entered Level 1 of the Lair of Beasts
 10574 | Lair:1   | 10574 ||| INVOKING Heroism.
 10691 | Lair:1   | 10691 ||| Stepping ~*~*~tactically~*~*~ (stealth).
 10697 | Lair:1   | 10697 ||| INVOKING Heroism.
 10711 | Lair:1   | Reached ***** piety under Okawaru
 10724 | Lair:1   | Reached skill level 12 in Axes
 10734 | Lair:1   | 10734 ||| INVOKING Heroism.
 10738 | Lair:1   | Reached XP level 12. HP: 75/76 MP: 12/15
 10741 | Lair:1   | Reached skill level 6 in Shields
 10905 | Lair:1   | Noticed a catoblepas
 10907 | Lair:1   | 10907 ||| Stepping ~*~*~tactically~*~*~ (hiding).
 10908 | Lair:1   | 10908 ||| INVOKING Heroism.
 10910 | Lair:1   | 10910 ||| INVOKING Finesse.
 10916 | Lair:1   | Killed a catoblepas
 10976 | Lair:1   | 10976 ||| INVOKING Heroism.
 10997 | Lair:1   | Identified the +8 war axe of the Hidden Vale {drain, rElec
                  | rF- rN+ Stlth+}
 10999 | Lair:1   | 10999 ||| SWAPPING to +8 war axe of the Hidden Vale {drain,
                  | rElec rF- rN+ Stlth+}.
 11011 | Lair:1   | 11011 ||| Stepping ~*~*~tactically~*~*~ (stealth).
 11014 | Lair:1   | 11014 ||| Stepping ~*~*~tactically~*~*~ (stealth).
 11015 | Lair:1   | 11015 ||| INVOKING Heroism.
 11017 | Lair:1   | 11017 ||| Stepping ~*~*~tactically~*~*~ (stealth).
 11018 | Lair:1   | 11018 ||| Stepping ~*~*~tactically~*~*~ (stealth).
 11176 | Lair:1   | 11176 ||| Stepping ~*~*~tactically~*~*~ (stealth).
 11184 | Lair:1   | Found an iron altar of Okawaru.
 11220 | Lair:1   | Reached skill level 10 in Fighting
 11303 | Lair:1   | 11303 ||| UPGRADING to +0 pair of boots.
 11338 | Lair:2   | Reached skill level 9 in Invocations
 11371 | Lair:2   | 11371 ||| INVOKING Heroism.
 11374 | Lair:2   | Received a gift from Okawaru
 11392 | Lair:2   | 11392 ||| SWAPPING to +1 vorpal broad axe.
 11393 | Lair:2   | 11393 ||| DROPPING +0 war axe.
 11552 | Lair:2   | 11552 ||| Stepping ~*~*~tactically~*~*~ (stealth).
 11563 | Lair:2   | Noticed Urug
 11564 | Lair:2   | 11564 ||| Stepping ~*~*~tactically~*~*~ (stealth).
 11565 | Lair:2   | 11565 ||| Stepping ~*~*~tactically~*~*~ (stealth).
 11566 | Lair:2   | 11566 ||| INVOKING Heroism.
 11567 | Lair:2   | 11567 ||| INVOKING Finesse.
 11572 | Lair:2   | Killed Urug
 11621 | Lair:2   | 11621 ||| SWAPPING to +3 broad axe of venom.
 11622 | Lair:2   | 11622 ||| DROPPING +8 war axe of the Hidden Vale {drain,
                  | rElec rF- rN+ Stlth+}.
 11623 | Lair:2   | 11623 ||| DROPPING +1 vorpal broad axe.
 11631 | Lair:2   | 11631 ||| Stepping ~*~*~tactically~*~*~ (stealth).
 11888 | Lair:2   | Found a staircase to the Shoals.
 11898 | Lair:2   | Reached skill level 3 in Throwing
 11904 | Lair:2   | 11904 ||| INVOKING Heroism.
 12146 | Lair:2   | 12146 ||| READING scroll of enchant armour.
 12146 | Lair:2   | 12146 ||| ENCHANTING +0 helmet.
 12530 | Lair:2   | 12530 ||| READING scroll labelled ZAHINO DIMIEG.
 12675 | Lair:3   | Found a hole to the Spider Nest.
 12920 | Lair:3   | Noticed a catoblepas
 12921 | Lair:3   | 12921 ||| INVOKING Heroism.
 12922 | Lair:3   | 12922 ||| INVOKING Finesse.
 12930 | Lair:3   | Killed a catoblepas
 12930 | Lair:3   | Received a gift from Okawaru
 13093 | Lair:3   | 13093 ||| Stepping ~*~*~tactically~*~*~ (stealth).
 13098 | Lair:3   | Reached XP level 13. HP: 82/82 MP: 18/18
 13101 | Lair:3   | Received a gift from Okawaru
 13150 | Lair:3   | 13150 ||| Stepping ~*~*~tactically~*~*~ (hiding).
 13338 | Lair:3   | 13338 ||| INVOKING Heroism.
 13563 | Lair:3   | 13563 ||| READING scroll labelled FESHOZ QOQETA.
 13859 | Lair:4   | Received a gift from Okawaru
 13886 | Lair:4   | 13886 ||| Stepping ~*~*~tactically~*~*~ (stealth).
 13888 | Lair:4   | 13888 ||| INVOKING Heroism.
 13889 | Lair:4   | 13889 ||| Stepping ~*~*~tactically~*~*~ (stealth).
 13905 | Lair:4   | 13905 ||| Stepping ~*~*~tactically~*~*~ (stealth).
 13909 | Lair:4   | 13909 ||| Stepping ~*~*~tactically~*~*~ (stealth).
 13913 | Lair:4   | 13913 ||| INVOKING Heroism.
 13918 | Lair:4   | 13918 ||| Stepping ~*~*~tactically~*~*~ (stealth).
 14393 | Lair:5   | Entered Level 5 of the Lair of Beasts
 14394 | Lair:5   | 14394 ||| INVOKING Heroism.
 14395 | Lair:5   | 14395 ||| INVOKING Finesse.
 14398 | Lair:5   | 14398 ||| SWAPPING to +0 hand axe of flaming.
 14401 | Lair:5   | 14401 ||| STAIRDANCE
 14406 | Lair:4   | 14406 ||| SWAPPING to +3 broad axe of venom.
 14444 | Lair:5   | 14444 ||| INVOKING Heroism.
 14447 | Lair:5   | 14447 ||| STAIRDANCE
 14458 | Lair:5   | 14458 ||| STAIRDANCE
 14472 | Lair:5   | 14472 ||| STAIRDANCE
 14533 | Lair:5   | 14533 ||| INVOKING Heroism.
 14555 | Lair:5   | 14555 ||| INVOKING Heroism.
 14569 | Lair:5   | Reached skill level 11 in Fighting
 14586 | Lair:5   | Identified the +1 kite shield "Meacafei" {Harm +Inv rC+
                  | Will- Stlth+} (Okawaru gifted it to you on level 5 of the
                  | Lair of Beasts)
 14586 | Lair:5   | Received a gift from Okawaru
 14587 | Lair:5   | Reached skill level 9 in Armour
 14634 | Lair:5   | 14634 ||| INVOKING Heroism.
 14635 | Lair:5   | 14635 ||| INVOKING Finesse.
 14748 | Lair:5   | 14748 ||| Stepping ~*~*~tactically~*~*~ (stealth).
 14789 | Lair:5   | 14789 ||| INVOKING Heroism.
 14790 | Lair:5   | 14790 ||| INVOKING Finesse.
 14811 | Lair:5   | Reached skill level 15 in Axes
 14923 | Lair:5   | 14923 ||| INVOKING Heroism.
 14925 | Lair:5   | Gained mutation: Your large and strong wings let you fly.
                  | [Gargoyle growth]
 14925 | Lair:5   | Reached XP level 14. HP: 68/90 MP: 16/19
 14930 | Lair:5   | 14930 ||| INVOKING Finesse.
 14972 | Lair:5   | Received a gift from Okawaru
 14973 | Lair:5   | Reached skill level 12 in Fighting
 14983 | Lair:5   | Received a gift from Okawaru
 14987 | Lair:5   | 14987 ||| Stepping ~*~*~tactically~*~*~ (stealth).
 15039 | Lair:5   | 15039 ||| INVOKING Heroism.
 15065 | Lair:5   | 15065 ||| Stepping ~*~*~tactically~*~*~ (stealth).
 15066 | Lair:5   | 15066 ||| Stepping ~*~*~tactically~*~*~ (stealth).
 15107 | Lair:5   | 15107 ||| Stepping ~*~*~tactically~*~*~ (stealth).
 15144 | Lair:5   | 15144 ||| INVOKING Heroism.
 15164 | Lair:5   | 15164 ||| INVOKING Finesse.
 15233 | Lair:5   | 15233 ||| Stepping ~*~*~tactically~*~*~ (stealth).
 15242 | Lair:5   | 15242 ||| INVOKING Heroism.
 15244 | Lair:5   | 15244 ||| INVOKING Finesse.
 15248 | Lair:5   | 15248 ||| SWAPPING to +0 hand axe of flaming.
 15253 | Lair:5   | 15253 ||| SWAPPING to +3 broad axe of venom.
 15300 | Lair:5   | 15300 ||| Stepping ~*~*~tactically~*~*~ (stealth).
 15382 | Lair:5   | 15382 ||| Stepping ~*~*~tactically~*~*~ (stealth).
 15452 | Lair:5   | 15452 ||| INVOKING Heroism.
 15454 | Lair:5   | Received a gift from Okawaru
 15571 | Lair:5   | Found a viscous altar of Jiyva.
 15573 | Lair:5   | Found a staircase to the Slime Pits.
 15765 | Lair:5   | 15765 ||| PLANNING D
 15765 | Lair:5   | 15765 ||| UPGRADING to +1 kite shield "Meacafei" {Harm +Inv
                  | rC+ Will- Stlth+}.
 15775 | Lair:5   | 15775 ||| UPGRADING to ring of willpower.
 15777 | Lair:5   | 15777 ||| READING scroll labelled PERAONL MOCE.
 15915 | D:12     | 15915 ||| Stepping ~*~*~tactically~*~*~ (stealth).
 15917 | D:12     | Found a bloodstained altar of Trog.
 15922 | D:12     | 15922 ||| Stepping ~*~*~tactically~*~*~ (stealth).
 16368 | D:12     | 16368 ||| Stepping ~*~*~tactically~*~*~ (stealth).
 16427 | D:12     | 16427 ||| Stepping ~*~*~tactically~*~*~ (hiding).
 16433 | D:12     | 16433 ||| INVOKING Heroism.
 16435 | D:12     | 16435 ||| Stepping ~*~*~tactically~*~*~ (hiding).
 16805 | D:12     | Reached skill level 9 in Shields
 16875 | D:12     | Received a gift from Okawaru
 16954 | D:12     | 16954 ||| DROPPING +0 buckler.
 16955 | D:12     | 16955 ||| UPGRADING to +0 kite shield.
 16965 | D:12     | 16965 ||| UPGRADING to ring of protection from cold.
 17060 | D:13     | 17060 ||| INVOKING Heroism.
 17061 | D:13     | 17061 ||| SWAPPING to +0 hand axe of flaming.
 17071 | D:13     | 17071 ||| SWAPPING to +4 broad axe of venom.
 17123 | D:13     | 17123 ||| Stepping ~*~*~tactically~*~*~ (hiding).
 17124 | D:13     | 17124 ||| Stepping ~*~*~tactically~*~*~ (hiding).
 17329 | D:13     | 17329 ||| Stepping ~*~*~tactically~*~*~ (stealth).
 17330 | D:13     | 17330 ||| Stepping ~*~*~tactically~*~*~ (stealth).
 17334 | D:13     | Received a gift from Okawaru
 17459 | D:13     | Found a gate to the Vaults.
 17460 | D:13     | 17460 ||| Stepping ~*~*~tactically~*~*~ (stealth).
 17462 | D:13     | 17462 ||| Stepping ~*~*~tactically~*~*~ (stealth).
 17464 | D:13     | 17464 ||| Stepping ~*~*~tactically~*~*~ (stealth).
 17471 | D:13     | 17471 ||| INVOKING Heroism.
 17571 | D:13     | 17571 ||| Stepping ~*~*~tactically~*~*~ (hiding).
 17606 | D:13     | 17606 ||| Stepping ~*~*~tactically~*~*~ (stealth).
 17612 | D:13     | 17612 ||| Stepping ~*~*~tactically~*~*~ (hiding).
 17618 | D:13     | Reached XP level 15. HP: 92/96 MP: 20/20
 17957 | D:13     | 17957 ||| DROPPING +1 kite shield "Meacafei" {Harm +Inv rC+
                  | Will- Stlth+}.
 17958 | D:13     | 17958 ||| UPGRADING to +2 cloak.
 17963 | D:13     | 17963 ||| UPGRADING to +1 pair of boots of stealth.
 17973 | D:13     | 17973 ||| DROPPING +0 pair of boots.
 17974 | D:13     | 17974 ||| UPGRADING to +0 tower shield.
 17984 | D:13     | 17984 ||| DROPPING +0 kite shield.
 17985 | D:13     | 17985 ||| READING scroll labelled PIT PIKHERR.
 18005 | D:13     | 18005 ||| READING 2 scrolls of identify.
 18005 | D:13     | 18005 ||| IDENTIFYING murky black potion
 18006 | D:13     | 18006 ||| DROPPING potion of berserk rage.
 18076 | D:14     | Noticed Jorgrun
 18077 | D:14     | 18077 ||| INVOKING Heroism.
 18078 | D:14     | 18078 ||| INVOKING Finesse.
 18097 | D:14     | Killed Jorgrun
 18098 | D:14     | Reached skill level 12 in Shields
 18135 | D:14     | Noticed Azrael
 18136 | D:14     | 18136 ||| Stepping ~*~*~tactically~*~*~ (hiding).
 18140 | D:14     | 18140 ||| INVOKING Heroism.
 18141 | D:14     | 18141 ||| INVOKING Finesse.
 18157 | D:14     | Killed Azrael
 18323 | D:14     | Found Bylukhan's Armour Shoppe.
 18342 | D:14     | 18342 ||| BUYING +2 chain mail of cold resistance (279
                  | gold).
 18342 | D:14     | Bought a +2 chain mail of cold resistance for 279 gold
                  | pieces
 18360 | D:14     | 18360 ||| Stepping ~*~*~tactically~*~*~ (hiding).
 18361 | D:14     | 18361 ||| Stepping ~*~*~tactically~*~*~ (hiding).
 18362 | D:14     | 18362 ||| Stepping ~*~*~tactically~*~*~ (hiding).
 18363 | D:14     | 18363 ||| Stepping ~*~*~tactically~*~*~ (hiding).
 18480 | D:14     | Found Huoreja's Specific Store.
 18485 | D:14     | Found Hace's General Store.
 18494 | D:14     | 18494 ||| BUYING potion of magic (128 gold).
 18494 | D:14     | Bought a potion of magic for 128 gold pieces
 18494 | D:14     | 18494 ||| BUYING scroll of identify (32 gold).
 18494 | D:14     | Bought a scroll of identify for 32 gold pieces
 18589 | D:14     | 18589 ||| Stepping ~*~*~tactically~*~*~ (hiding).
 18808 | D:14     | Identified the +5 rapier "Wafoneon" {vorpal, rN+}
 18983 | D:15     | Entered Level 15 of the Dungeon
 18984 | D:15     | 18984 ||| STAIRDANCE
 18996 | D:15     | 18996 ||| STAIRDANCE
 19017 | D:15     | 19017 ||| INVOKING Heroism.
 19030 | D:15     | 19030 ||| Stepping ~*~*~tactically~*~*~ (stealth).
 19051 | D:15     | 19051 ||| Stepping ~*~*~tactically~*~*~ (stealth).
 19054 | D:15     | 19054 ||| INVOKING Heroism.
 19141 | D:15     | 19141 ||| Stepping ~*~*~tactically~*~*~ (stealth).
 19143 | D:15     | 19143 ||| Stepping ~*~*~tactically~*~*~ (stealth).
 19144 | D:15     | 19144 ||| INVOKING Heroism.
 19162 | D:15     | 19162 ||| Stepping ~*~*~tactically~*~*~ (hiding).
 19181 | D:15     | Found a staircase to the Depths.
 19198 | D:15     | 19198 ||| Stepping ~*~*~tactically~*~*~ (hiding).
 19365 | D:15     | 19365 ||| Stepping ~*~*~tactically~*~*~ (hiding).
 19482 | D:15     | 19482 ||| INVOKING Heroism.
 19483 | D:15     | 19483 ||| INVOKING Finesse.
 19672 | D:15     | 19672 ||| Stepping ~*~*~tactically~*~*~ (hiding).
 19875 | D:15     | 19875 ||| INVOKING Heroism.
 19885 | D:15     | Received a gift from Okawaru
 20037 | D:15     | 20037 ||| Stepping ~*~*~tactically~*~*~ (stealth).
 20048 | D:15     | 20048 ||| INVOKING Heroism.
 20133 | D:15     | 20133 ||| PLANNING ORC
 20243 | Orc:1    | Entered Level 1 of the Orcish Mines
 20244 | Orc:1    | 20244 ||| INVOKING Heroism.
 20390 | Orc:1    | 20390 ||| INVOKING Heroism.
 20395 | Orc:1    | Reached skill level 15 in Shields
 20568 | Orc:2    | Entered Level 2 of the Orcish Mines
 20569 | Orc:2    | 20569 ||| INVOKING Heroism.
 20570 | Orc:2    | 20570 ||| STAIRDANCE
 20602 | Orc:2    | 20602 ||| STAIRDANCE
 20615 | Orc:2    | 20615 ||| STAIRDANCE
 20617 | Orc:1    | 20617 ||| INVOKING Heroism.
 20623 | Orc:2    | Received a gift from Okawaru
 20662 | Orc:2    | 20662 ||| Stepping ~*~*~tactically~*~*~ (stealth).
 20670 | Orc:2    | 20670 ||| Stepping ~*~*~tactically~*~*~ (hiding).
 20671 | Orc:2    | 20671 ||| Stepping ~*~*~tactically~*~*~ (hiding).
 20674 | Orc:2    | 20674 ||| Stepping ~*~*~tactically~*~*~ (hiding).
 20735 | Orc:2    | 20735 ||| Stepping ~*~*~tactically~*~*~ (stealth).
 20740 | Orc:2    | 20740 ||| Stepping ~*~*~tactically~*~*~ (stealth).
 20750 | Orc:2    | 20750 ||| Stepping ~*~*~tactically~*~*~ (stealth).
 20751 | Orc:2    | 20751 ||| Stepping ~*~*~tactically~*~*~ (stealth).
 20753 | Orc:2    | 20753 ||| Stepping ~*~*~tactically~*~*~ (hiding).
 20884 | Orc:2    | 20884 ||| INVOKING Heroism.
 20915 | Orc:2    | 20915 ||| DROPPING +0 hand axe of flaming.
 20989 | Orc:2    | Found Wummur's Book Shop.
 20990 | Orc:2    | 20990 ||| INVOKING Heroism.
 21033 | Orc:2    | Found Bylukhan's Book Boutique.
 21118 | Orc:2    | 21118 ||| INVOKING Heroism.
 21123 | Orc:2    | Received a gift from Okawaru
 21233 | Orc:2    | 21233 ||| Stepping ~*~*~tactically~*~*~ (stealth).
 21234 | Orc:2    | 21234 ||| Stepping ~*~*~tactically~*~*~ (stealth).
 21239 | Orc:2    | 21239 ||| Stepping ~*~*~tactically~*~*~ (stealth).
 21267 | Orc:2    | 21267 ||| Stepping ~*~*~tactically~*~*~ (stealth).
 21268 | Orc:2    | 21268 ||| Stepping ~*~*~tactically~*~*~ (stealth).
 21367 | Orc:2    | 21367 ||| INVOKING Heroism.
 21424 | Orc:2    | 21424 ||| INVOKING Heroism.
 21452 | Orc:2    | 21452 ||| Stepping ~*~*~tactically~*~*~ (stealth).
 21453 | Orc:2    | 21453 ||| Stepping ~*~*~tactically~*~*~ (stealth).
 21456 | Orc:2    | 21456 ||| Stepping ~*~*~tactically~*~*~ (hiding).
 21576 | Orc:2    | Found a staircase to the Elven Halls.
 21636 | Orc:2    | 21636 ||| INVOKING Heroism.
 21654 | Orc:2    | 21654 ||| Stepping ~*~*~tactically~*~*~ (hiding).
 21656 | Orc:2    | 21656 ||| Stepping ~*~*~tactically~*~*~ (hiding).
 21657 | Orc:2    | 21657 ||| Stepping ~*~*~tactically~*~*~ (hiding).
 21659 | Orc:2    | 21659 ||| Stepping ~*~*~tactically~*~*~ (hiding).
 21660 | Orc:2    | 21660 ||| Stepping ~*~*~tactically~*~*~ (hiding).
 21670 | Orc:2    | 21670 ||| Stepping ~*~*~tactically~*~*~ (hiding).
 21684 | Orc:2    | 21684 ||| Stepping ~*~*~tactically~*~*~ (hiding).
 21710 | Orc:2    | Noticed an orc warlord
 21711 | Orc:2    | 21711 ||| INVOKING Heroism.
 21712 | Orc:2    | 21712 ||| INVOKING Finesse.
 21727 | Orc:2    | Killed an orc warlord
 21727 | Orc:2    | Received a gift from Okawaru
 21730 | Orc:2    | Reached XP level 16. HP: 101/101 MP: 14/21
 21756 | Orc:2    | Received a gift from Okawaru
 21810 | Orc:2    | 21810 ||| Stepping ~*~*~tactically~*~*~ (stealth).
 21812 | Orc:2    | 21812 ||| Stepping ~*~*~tactically~*~*~ (hiding).
 21814 | Orc:2    | 21814 ||| Stepping ~*~*~tactically~*~*~ (hiding).
 21815 | Orc:2    | 21815 ||| Stepping ~*~*~tactically~*~*~ (hiding).
 21922 | Orc:2    | 21922 ||| Stepping ~*~*~tactically~*~*~ (stealth).
 21927 | Orc:2    | 21927 ||| INVOKING Heroism.
 21975 | Orc:2    | 21975 ||| INVOKING Heroism.
 21987 | Orc:2    | Found Saxkuz's Weapon Emporium.
 22032 | Orc:2    | 22032 ||| INVOKING Heroism.
 22034 | Orc:2    | Found Jeublu's Antique Armour Shoppe.
 22054 | Orc:2    | 22054 ||| BUYING jewelled plate armour (1008 gold).
 22054 | Orc:2    | Bought a jewelled plate armour for 1008 gold pieces
 22054 | Orc:2    | Identified the +3 plate armour of Hospitality {rPois rN+}
                  | (You bought it in a shop on level 2 of the Orcish Mines)
 22054 | Orc:2    | 22054 ||| BUYING pair of embroidered boots (270 gold).
 22054 | Orc:2    | Bought a pair of embroidered boots for 270 gold pieces
 22054 | Orc:2    | 22054 ||| SHOPLISTING pair of embroidered boots (270 gold,
                  | have 40).
 22154 | Orc:2    | 22154 ||| INVOKING Heroism.
 22354 | Orc:2    | 22354 ||| DROPPING +3 plate armour of Hospitality {rPois
                  | rN+}.
 22355 | Orc:2    | 22355 ||| DROPPING +0 pair of boots of rampaging.
 22356 | Orc:2    | 22356 ||| DROPPING ring of willpower.
 22357 | Orc:2    | 22357 ||| DROPPING ring of positive energy.
 22358 | Orc:2    | 22358 ||| UPGRADING to +4 ring of protection.
 22393 | Orc:1    | 22393 ||| INVOKING Heroism.
 22496 | Orc:1    | Found Magec's Distillery.
 22517 | Orc:1    | 22517 ||| BUYING 2 potions of curing (78 gold).
 22517 | Orc:1    | Bought 2 potions of curing for 78 gold pieces
 22517 | Orc:1    | 22517 ||| BUYING potion of cancellation (104 gold).
 22517 | Orc:1    | Bought a potion of cancellation for 104 gold pieces
 22517 | Orc:1    | 22517 ||| BUYING potion of curing (39 gold).
 22517 | Orc:1    | Bought a potion of curing for 39 gold pieces
 22517 | Orc:1    | 22517 ||| SHOPLISTING potion of curing (39 gold, have 37).
 22517 | Orc:1    | 22517 ||| SHOPLISTING potion of heal wounds (65 gold, have
                  | 37).
 22517 | Orc:1    | 22517 ||| SHOPLISTING potion of lignification (39 gold,
                  | have 37).
 22517 | Orc:1    | 22517 ||| SHOPLISTING potion of might (52 gold, have 37).
 22517 | Orc:1    | 22517 ||| SHOPLISTING potion of resistance (130 gold, have
                  | 37).
 22597 | Orc:1    | 22597 ||| PLANNING SPIDER:1-3
 22804 | Spider:1 | Entered Level 1 of the Spider Nest
 22830 | Spider:1 | 22830 ||| Stepping ~*~*~tactically~*~*~ (stealth).
 22842 | Spider:1 | 22842 ||| INVOKING Finesse.
 22856 | Spider:1 | Received a gift from Okawaru
 22977 | Spider:1 | 22977 ||| DROPPING +4 vorpal war axe.
 22993 | Spider:1 | 22993 ||| INVOKING Heroism.
 22994 | Spider:1 | 22994 ||| Stepping randomly (cloudy).
 22995 | Spider:1 | 22995 ||| SWAPPING to +1 hand axe of flaming.
 23002 | Spider:1 | 23002 ||| SWAPPING to +4 broad axe of venom.
 23019 | Spider:1 | 23019 ||| Stepping ~*~*~tactically~*~*~ (cloud).
 23021 | Spider:1 | 23021 ||| Stepping ~*~*~tactically~*~*~ (stealth).
 23025 | Spider:1 | 23025 ||| Stepping ~*~*~tactically~*~*~ (cloud).
 23197 | Spider:1 | 23197 ||| INVOKING Heroism.
 23207 | Spider:1 | Gained mutation: You sometimes lose your temper in combat.
                  | [mutagenic glow]
 23244 | Spider:1 | 23244 ||| Stepping ~*~*~tactically~*~*~ (stealth).
 23245 | Spider:1 | 23245 ||| Stepping ~*~*~tactically~*~*~ (stealth).
 23246 | Spider:1 | 23246 ||| DRINKING 5 potions of mutation.
 23246 | Spider:1 | Lost mutation: Your movements are slightly less encumbered
                  | by armour. (ER -2) [potion of mutation]
 23246 | Spider:1 | Lost mutation: Your magical capacity is low. (-10% MP)
                  | [potion of mutation]
 23246 | Spider:1 | Lost mutation: You sometimes lose your temper in combat.
                  | [potion of mutation]
 23246 | Spider:1 | Gained mutation: You are weak. (Str -2) [potion of
                  | mutation]
 23246 | Spider:1 | Gained mutation: You have sharp toenails. [potion of
                  | mutation]
 23246 | Spider:1 | Gained mutation: You occasionally lose the ability to read
                  | scrolls when taking damage. [potion of mutation]
 23247 | Spider:1 | 23247 ||| DRINKING 4 potions of mutation.
 23247 | Spider:1 | Lost mutation: You occasionally lose the ability to read
                  | scrolls when taking damage. [potion of mutation]
 23247 | Spider:1 | Lost mutation: You have sharp toenails. [potion of
                  | mutation]
 23247 | Spider:1 | Lost mutation: You are weak. (Str -2) [potion of mutation]
 23247 | Spider:1 | Gained mutation: You expend magic power (3 MP) to
                  | strengthen your wands. [potion of mutation]
 23250 | Spider:1 | 23250 ||| Stepping ~*~*~tactically~*~*~ (stealth).
 23257 | Spider:1 | 23257 ||| Stepping ~*~*~tactically~*~*~ (stealth).
 23294 | Spider:1 | 23294 ||| Stepping ~*~*~tactically~*~*~ (stealth).
 23331 | Spider:1 | 23331 ||| Stepping ~*~*~tactically~*~*~ (stealth).
 23334 | Spider:1 | 23334 ||| Stepping ~*~*~tactically~*~*~ (stealth).
 23337 | Spider:1 | 23337 ||| INVOKING Heroism.
 23433 | Spider:1 | 23433 ||| Stepping ~*~*~tactically~*~*~ (stealth).
 23479 | Spider:1 | 23479 ||| Stepping ~*~*~tactically~*~*~ (stealth).
 23599 | Spider:1 | 23599 ||| INVOKING Heroism.
 23601 | Spider:1 | Received a gift from Okawaru
 23649 | Spider:1 | 23649 ||| Stepping ~*~*~tactically~*~*~ (stealth).
 23666 | Spider:1 | 23666 ||| INVOKING Finesse.
 23737 | Spider:1 | 23737 ||| INVOKING Heroism.
 24077 | Spider:1 | 24077 ||| READING scroll of enchant weapon.
 24077 | Spider:1 | 24077 ||| ENCHANTING +4 broad axe of venom.
 24138 | Spider:1 | 24138 ||| DROPPING +1 pair of gloves of dexterity.
 24139 | Spider:1 | 24139 ||| READING scroll labelled CEDDEDDA JERUTH.
 24178 | Spider:2 | 24178 ||| STAIRDANCE
 24211 | Spider:2 | 24211 ||| DROPPING +1 hand axe of flaming.
 24230 | Spider:2 | 24230 ||| Stepping ~*~*~tactically~*~*~ (stealth).
 24282 | Spider:2 | 24282 ||| INVOKING Finesse.
 24286 | Spider:2 | 24286 ||| INVOKING Heroism.
 24309 | Spider:2 | 24309 ||| Stepping ~*~*~tactically~*~*~ (stealth).
 24390 | Spider:2 | 24390 ||| INVOKING Heroism.
 24439 | Spider:2 | 24439 ||| INVOKING Finesse.
 24478 | Spider:2 | 24478 ||| INVOKING Heroism.
 24778 | Spider:2 | 24778 ||| Stepping ~*~*~tactically~*~*~ (stealth).
 24960 | Spider:2 | 24960 ||| FLEEEEING.
 25068 | Spider:3 | Noticed Aizul
 25069 | Spider:3 | 25069 ||| INVOKING Heroism.
 25070 | Spider:3 | 25070 ||| INVOKING Finesse.
 25087 | Spider:3 | Killed Aizul
 25088 | Spider:3 | Reached XP level 17. HP: 85/108 MP: 0/24
 25100 | Spider:3 | 25100 ||| Stepping ~*~*~tactically~*~*~ (hiding).
 25102 | Spider:3 | 25102 ||| Stepping ~*~*~tactically~*~*~ (hiding).
 25106 | Spider:3 | Reached skill level 13 in Fighting
 25107 | Spider:3 | 25107 ||| DRINKING 10 potions of curing.
 25107 | Spider:3 | 25107 ||| (to cure confusion)
 25119 | Spider:3 | 25119 ||| INVOKING Heroism.
 25126 | Spider:3 | Received a gift from Okawaru
 25134 | Spider:3 | 25134 ||| DRINKING 9 potions of curing.
 25134 | Spider:3 | 25134 ||| (to cure confusion)
 25233 | Spider:3 | Reached skill level 6 in Throwing
 25259 | Spider:3 | 25259 ||| DROPPING +1 war axe of flaming.
 25582 | Spider:3 | 25582 ||| PLANNING SHOALS:1-3
 25706 | Shoals:1 | Entered Level 1 of the Shoals
 25709 | Shoals:1 | 25709 ||| Stepping ~*~*~tactically~*~*~ (hiding).
 25713 | Shoals:1 | 25713 ||| INVOKING Heroism.
 25780 | Shoals:1 | 25780 ||| INVOKING Heroism.
 25838 | Shoals:1 | 25838 ||| Stepping ~*~*~tactically~*~*~ (hiding).
 26120 | Shoals:1 | Noticed Louise
 26143 | Shoals:1 | Killed Louise
 26174 | Shoals:1 | 26174 ||| INVOKING Heroism.
 26192 | Shoals:1 | Found a runed translucent gate.
 26192 | Shoals:1 | Found a runed translucent gate.
 26192 | Shoals:1 | Found a runed translucent gate.
 26193 | Shoals:1 | Noticed sangerfol's ghost (adept FoFi)
 26194 | Shoals:1 | Noticed popps's ghost (adept GrFi)
 26581 | Shoals:1 | 26581 ||| UPGRADING to +2 tower shield.
 26591 | Shoals:1 | 26591 ||| DROPPING +0 tower shield.
 26592 | Shoals:1 | 26592 ||| DROPPING +1 hat.
 26644 | Shoals:2 | 26644 ||| INVOKING Heroism.
 26783 | Shoals:2 | 26783 ||| INVOKING Heroism.
 26832 | Shoals:2 | 26832 ||| READING scroll of enchant weapon.
 26832 | Shoals:2 | 26832 ||| ENCHANTING +5 broad axe of venom.
 26853 | Shoals:2 | 26853 ||| Stepping ~*~*~tactically~*~*~ (hiding).
 26958 | Shoals:2 | 26958 ||| Stepping ~*~*~tactically~*~*~ (hiding).
 26963 | Shoals:2 | 26963 ||| INVOKING Heroism.
 26980 | Shoals:2 | 26980 ||| Stepping ~*~*~tactically~*~*~ (hiding).
 27167 | Shoals:2 | 27167 ||| PLANNING SHOALS:1-3
 27365 | Shoals:2 | 27365 ||| DROPPING amulet of faith.
 27400 | Shoals:3 | 27400 ||| INVOKING Heroism.
 27405 | Shoals:3 | Reached skill level 18 in Axes
 27411 | Shoals:3 | Received a gift from Okawaru
 27509 | Shoals:3 | 27509 ||| INVOKING Heroism.
 27576 | Shoals:3 | 27576 ||| Stepping ~*~*~tactically~*~*~ (hiding).
 27578 | Shoals:3 | 27578 ||| Stepping ~*~*~tactically~*~*~ (hiding).
 27606 | Shoals:3 | Found an ornate altar of the Wu Jian Council.
 27611 | Shoals:3 | Noticed a kraken
 27613 | Shoals:3 | 27613 ||| INVOKING Heroism.
 27629 | Shoals:3 | Killed a kraken
 27697 | Shoals:3 | 27697 ||| INVOKING Heroism.
 27698 | Shoals:3 | 27698 ||| INVOKING Finesse.
 27763 | Shoals:3 | 27763 ||| INVOKING Heroism.
 27814 | Shoals:3 | Received a gift from Okawaru
 27831 | Shoals:3 | 27831 ||| INVOKING Heroism.
 27838 | Shoals:3 | 27838 ||| INVOKING Finesse.
 27852 | Shoals:3 | Reached skill level 14 in Fighting
 27905 | Shoals:3 | 27905 ||| Stepping ~*~*~tactically~*~*~ (hiding).
 27951 | Shoals:3 | 27951 ||| INVOKING Heroism.
 27953 | Shoals:3 | Reached skill level 18 in Shields
 28118 | Shoals:3 | 28118 ||| INVOKING Heroism.
 28148 | Shoals:3 | Noticed Ilsuiw
 28149 | Shoals:3 | 28149 ||| INVOKING Finesse.
 28160 | Shoals:3 | Reached XP level 18. HP: 101/116 MP: 20/25
 28171 | Shoals:3 | 28171 ||| INVOKING Heroism.
 28201 | Shoals:3 | Killed Ilsuiw
 28201 | Shoals:3 | Received a gift from Okawaru
 28202 | Shoals:3 | Reached skill level 12 in Armour
 28254 | Shoals:3 | 28254 ||| DROPPING +3 broad axe of flaming.
 28507 | Shoals:3 | 28507 ||| PLANNING SPIDER:4
 28507 | Shoals:3 | 28507 ||| DROPPING +2 hat.
 28667 | Spider:4 | Entered Level 4 of the Spider Nest
 28790 | Spider:4 | 28790 ||| Stepping ~*~*~tactically~*~*~ (stealth).
 28803 | Spider:4 | 28803 ||| INVOKING Heroism.
 28848 | Spider:4 | 28848 ||| Stepping ~*~*~tactically~*~*~ (stealth).
 28851 | Spider:4 | 28851 ||| Stepping ~*~*~tactically~*~*~ (stealth).
 28853 | Spider:4 | 28853 ||| Stepping ~*~*~tactically~*~*~ (stealth).
 28858 | Spider:4 | 28858 ||| INVOKING Heroism.
 28914 | Spider:4 | 28914 ||| Stepping randomly (disturbance).
 28915 | Spider:4 | 28915 ||| Stepping randomly (disturbance).
 28916 | Spider:4 | 28916 ||| Stepping randomly (disturbance).
 29111 | Spider:4 | Noticed Bai Suzhen
 29112 | Spider:4 | 29112 ||| INVOKING Heroism.
 29113 | Spider:4 | 29113 ||| INVOKING Finesse.
 29143 | Spider:4 | Killed Bai Suzhen
 29155 | Spider:4 | Reached skill level 15 in Fighting
 29193 | Spider:4 | 29193 ||| INVOKING Heroism.
 29194 | Spider:4 | 29194 ||| DRINKING 10 potions of curing.
 29194 | Spider:4 | 29194 ||| (to cure confusion)
 29202 | Spider:4 | 29202 ||| INVOKING Finesse.
 29251 | Spider:4 | 29251 ||| INVOKING Finesse.
 29280 | Spider:4 | 29280 ||| Stepping ~*~*~tactically~*~*~ (stealth).
 29282 | Spider:4 | 29282 ||| Stepping ~*~*~tactically~*~*~ (stealth).
 29283 | Spider:4 | 29283 ||| Stepping ~*~*~tactically~*~*~ (stealth).
 29300 | Spider:4 | 29300 ||| Stepping ~*~*~tactically~*~*~ (stealth).
 29302 | Spider:4 | 29302 ||| Stepping ~*~*~tactically~*~*~ (hiding).
 29368 | Spider:4 | 29368 ||| Stepping ~*~*~tactically~*~*~ (stealth).
 29412 | Spider:4 | 29412 ||| INVOKING Heroism.
 29418 | Spider:4 | Identified the +5 battleaxe of the Pill Bug {flame, Str+9}
                  | (Okawaru gifted it to you on level 4 of the Spider Nest)
 29418 | Spider:4 | Received a gift from Okawaru
 29444 | Spider:4 | 29444 ||| Stepping ~*~*~tactically~*~*~ (hiding).
 29447 | Spider:4 | 29447 ||| INVOKING Heroism.
 29495 | Spider:4 | 29495 ||| Stepping ~*~*~tactically~*~*~ (stealth).
 29500 | Spider:4 | 29500 ||| INVOKING Heroism.
 29504 | Spider:4 | 29504 ||| DRINKING 9 potions of curing.
 29504 | Spider:4 | 29504 ||| (to cure confusion)
 29508 | Spider:4 | 29508 ||| Stepping ~*~*~tactically~*~*~ (hiding).
 29520 | Spider:4 | 29520 ||| INVOKING Finesse.
 29526 | Spider:4 | 29526 ||| Stepping ~*~*~tactically~*~*~ (hiding).
 29572 | Spider:4 | 29572 ||| INVOKING Heroism.
 29591 | Spider:4 | 29591 ||| Stepping ~*~*~tactically~*~*~ (stealth).
 29712 | Spider:4 | 29712 ||| INVOKING Finesse.
 29725 | Spider:4 | Received a gift from Okawaru
 29913 | Spider:4 | 29913 ||| Stepping ~*~*~tactically~*~*~ (stealth).
 29915 | Spider:4 | 29915 ||| INVOKING Heroism.
 29968 | Spider:4 | Got a gossamer rune of Zot
 30121 | Spider:4 | 30121 ||| PLANNING VAULTS:1-4
 30121 | Spider:4 | 30121 ||| DROPPING scarf of shadows.
 30122 | Spider:4 | 30122 ||| DROPPING amulet of guardian spirit.
 30123 | Spider:4 | 30123 ||| READING scroll labelled PUQETHEKORE.
 30293 | Vaults:1 | Entered Level 1 of the Vaults
 30294 | Vaults:1 | 30294 ||| INVOKING Heroism.
 30302 | Vaults:1 | Received a gift from Okawaru
 30338 | Vaults:1 | 30338 ||| Stepping ~*~*~tactically~*~*~ (hiding).
 30484 | Vaults:1 | Identified the +0 chain mail "Micu" {+Inv} (Okawaru gifted
                  | it to you on level 1 of the Vaults)
 30484 | Vaults:1 | Received a gift from Okawaru
 30561 | Vaults:1 | 30561 ||| Stepping ~*~*~tactically~*~*~ (stealth).
 30563 | Vaults:1 | 30563 ||| Stepping ~*~*~tactically~*~*~ (stealth).
 30570 | Vaults:1 | 30570 ||| INVOKING Heroism.
 30586 | Vaults:1 | 30586 ||| Stepping ~*~*~tactically~*~*~ (hiding).
 30589 | Vaults:1 | 30589 ||| Stepping ~*~*~tactically~*~*~ (hiding).
 30633 | Vaults:1 | 30633 ||| INVOKING Heroism.
 30634 | Vaults:1 | 30634 ||| INVOKING Finesse.
 30706 | Vaults:1 | 30706 ||| INVOKING Heroism.
 30707 | Vaults:1 | 30707 ||| INVOKING Finesse.
 30933 | Vaults:1 | 30933 ||| INVOKING Heroism.
 30948 | Vaults:1 | Reached XP level 19. HP: 119/124 MP: 26/26
 30993 | Vaults:1 | 30993 ||| Stepping ~*~*~tactically~*~*~ (hiding).
 30996 | Vaults:1 | 30996 ||| INVOKING Heroism.
 30997 | Vaults:1 | 30997 ||| INVOKING Finesse.
 31177 | Vaults:1 | Reached skill level 9 in Throwing
 31338 | Vaults:1 | 31338 ||| INVOKING Heroism.
 31401 | Vaults:1 | 31401 ||| Stepping ~*~*~tactically~*~*~ (hiding).
 31402 | Vaults:1 | 31402 ||| Stepping ~*~*~tactically~*~*~ (hiding).
 31419 | Vaults:1 | 31419 ||| INVOKING Heroism.
 31453 | Vaults:1 | Reached skill level 16 in Fighting
 31539 | Vaults:1 | Noticed Asterion
 31540 | Vaults:1 | 31540 ||| Stepping ~*~*~tactically~*~*~ (hiding).
 31543 | Vaults:1 | 31543 ||| INVOKING Heroism.
 31544 | Vaults:1 | 31544 ||| INVOKING Finesse.
 31555 | Vaults:1 | Killed Asterion
 31730 | Vaults:1 | 31730 ||| READING scroll of enchant armour.
 31730 | Vaults:1 | 31730 ||| ENCHANTING +1 helmet.
 31733 | Vaults:1 | 31733 ||| INVOKING Heroism.
 31927 | Vaults:2 | 31927 ||| INVOKING Heroism.
 31928 | Vaults:2 | 31928 ||| INVOKING Finesse.
 31955 | Vaults:2 | HP: 22/125 [orc warlord/+1 vorpal broad axe (41)]
 31956 | Vaults:2 | 31956 ||| READING 12 scrolls of teleportation.
 31957 | Vaults:2 | 31957 ||| DRINKING 11 potions of heal wounds.
 32066 | Vaults:2 | 32066 ||| READING scroll of enchant weapon.
 32066 | Vaults:2 | 32066 ||| ENCHANTING +6 broad axe of venom.
 32095 | Vaults:2 | 32095 ||| INVOKING Heroism.
 32096 | Vaults:2 | 32096 ||| INVOKING Finesse.
 32112 | Vaults:2 | 32112 ||| Stepping ~*~*~tactically~*~*~ (hiding).
 32303 | Vaults:2 | 32303 ||| INVOKING Heroism.
 32318 | Vaults:2 | Received a gift from Okawaru
 32342 | Vaults:2 | 32342 ||| INVOKING Heroism.
 32351 | Vaults:2 | Identified the +2 hand axe "Tucveuq" {drain, Fragile rElec
                  | rPois Will+} (Okawaru gifted it to you on level 2 of the
                  | Vaults)
 32351 | Vaults:2 | Received a gift from Okawaru
 32543 | Vaults:2 | 32543 ||| INVOKING Heroism.
 32544 | Vaults:2 | 32544 ||| INVOKING Finesse.
 32574 | Vaults:2 | Reached skill level 17 in Fighting
 32683 | Vaults:2 | Found Huih's Distillery.
 32685 | Vaults:2 | 32685 ||| Stepping ~*~*~tactically~*~*~ (hiding).
 32686 | Vaults:2 | 32686 ||| Stepping ~*~*~tactically~*~*~ (hiding).
 32703 | Vaults:2 | 32703 ||| BUYING potion of attraction (45 gold).
 32703 | Vaults:2 | Bought a potion of attraction for 45 gold pieces
 32703 | Vaults:2 | 32703 ||| BUYING potion of attraction (45 gold).
 32703 | Vaults:2 | Bought a potion of attraction for 45 gold pieces
 32703 | Vaults:2 | 32703 ||| BUYING potion of curing (45 gold).
 32703 | Vaults:2 | Bought a potion of curing for 45 gold pieces
 32703 | Vaults:2 | 32703 ||| BUYING potion of curing (45 gold).
 32703 | Vaults:2 | Bought a potion of curing for 45 gold pieces
 32703 | Vaults:2 | 32703 ||| BUYING potion of lignification (45 gold).
 32703 | Vaults:2 | Bought a potion of lignification for 45 gold pieces
 32703 | Vaults:2 | 32703 ||| BUYING potion of resistance (150 gold).
 32703 | Vaults:2 | Bought a potion of resistance for 150 gold pieces
 32735 | Vaults:2 | 32735 ||| INVOKING Heroism.
 32736 | Vaults:2 | 32736 ||| INVOKING Finesse.
 32787 | Vaults:2 | 32787 ||| INVOKING Heroism.
 32918 | Vaults:2 | 32918 ||| Stepping ~*~*~tactically~*~*~ (stealth).
 32919 | Vaults:2 | 32919 ||| Stepping ~*~*~tactically~*~*~ (stealth).
 33104 | Vaults:2 | 33104 ||| Stepping ~*~*~tactically~*~*~ (hiding).
 33105 | Vaults:2 | 33105 ||| Stepping ~*~*~tactically~*~*~ (hiding).
 33107 | Vaults:2 | 33107 ||| Stepping ~*~*~tactically~*~*~ (hiding).
 33108 | Vaults:2 | 33108 ||| Stepping ~*~*~tactically~*~*~ (hiding).
 33109 | Vaults:2 | 33109 ||| Stepping ~*~*~tactically~*~*~ (hiding).
 33110 | Vaults:2 | 33110 ||| Stepping ~*~*~tactically~*~*~ (hiding).
 33111 | Vaults:2 | 33111 ||| Stepping ~*~*~tactically~*~*~ (hiding).
 33112 | Vaults:2 | 33112 ||| Stepping ~*~*~tactically~*~*~ (hiding).
 33125 | Vaults:2 | Reached skill level 6 in Dodging
 33132 | Vaults:2 | 33132 ||| INVOKING Heroism.
 33135 | Vaults:2 | Received a gift from Okawaru
 33409 | Vaults:3 | Found a staircase to the Crypt.
 33417 | Vaults:3 | 33417 ||| INVOKING Heroism.
 33419 | Vaults:3 | Paralysed by a vampire knight for 3 turns
 33425 | Vaults:3 | 33425 ||| Stepping ~*~*~tactically~*~*~ (stealth).
 33427 | Vaults:3 | 33427 ||| Stepping ~*~*~tactically~*~*~ (stealth).
 33428 | Vaults:3 | 33428 ||| Stepping ~*~*~tactically~*~*~ (stealth).
 33429 | Vaults:3 | 33429 ||| Stepping ~*~*~tactically~*~*~ (stealth).
 33430 | Vaults:3 | 33430 ||| Stepping ~*~*~tactically~*~*~ (stealth).
 33518 | Vaults:3 | Noticed Nikola
 33519 | Vaults:3 | 33519 ||| INVOKING Heroism.
 33520 | Vaults:3 | 33520 ||| INVOKING Finesse.
 33537 | Vaults:3 | Killed Nikola
 33576 | Vaults:3 | 33576 ||| FLEEEEING.
 33577 | Vaults:3 | 33577 ||| FLEEEEING.
 33577 | Vaults:3 | Noticed Saint Roka
 33578 | Vaults:3 | 33578 ||| FLEEEEING.
 33579 | Vaults:3 | 33579 ||| FLEEEEING.
 33580 | Vaults:3 | 33580 ||| FLEEEEING.
 33581 | Vaults:3 | 33581 ||| FLEEEEING.
 33582 | Vaults:3 | 33582 ||| FLEEEEING.
 33583 | Vaults:3 | 33583 ||| FLEEEEING.
 33584 | Vaults:3 | 33584 ||| FLEEEEING.
 33585 | Vaults:3 | 33585 ||| FLEEEEING.
 33586 | Vaults:3 | 33586 ||| FLEEEEING.
 33587 | Vaults:3 | 33587 ||| FLEEEEING.
 33589 | Vaults:3 | 33589 ||| FLEEEEING.
 33590 | Vaults:3 | 33590 ||| FLEEEEING.
 33591 | Vaults:3 | 33591 ||| FLEEEEING.
 33594 | Vaults:3 | 33594 ||| FLEEEEING.
 33595 | Vaults:3 | 33595 ||| FLEEEEING.
 33596 | Vaults:3 | 33596 ||| FLEEEEING.
 33597 | Vaults:3 | 33597 ||| FLEEEEING.
 33598 | Vaults:3 | 33598 ||| FLEEEEING.
 33599 | Vaults:3 | 33599 ||| FLEEEEING.
 33600 | Vaults:3 | 33600 ||| FLEEEEING.
 33601 | Vaults:3 | 33601 ||| FLEEEEING.
 33602 | Vaults:3 | 33602 ||| FLEEEEING.
 33603 | Vaults:3 | 33603 ||| FLEEEEING.
 33604 | Vaults:3 | 33604 ||| FLEEEEING.
 33606 | Vaults:3 | 33606 ||| FLEEEEING.
 33607 | Vaults:3 | 33607 ||| FLEEEEING.
 33608 | Vaults:3 | 33608 ||| FLEEEEING.
 33609 | Vaults:3 | 33609 ||| FLEEEEING.
 33610 | Vaults:3 | 33610 ||| FLEEEEING.
 33611 | Vaults:3 | 33611 ||| FLEEEEING.
 33612 | Vaults:3 | 33612 ||| FLEEEEING.
 33613 | Vaults:3 | 33613 ||| FLEEEEING.
 33614 | Vaults:3 | 33614 ||| FLEEEEING.
 33615 | Vaults:3 | 33615 ||| INVOKING Heroism.
 33631 | Vaults:3 | Killed Saint Roka
 33677 | Vaults:3 | 33677 ||| FLEEEEING.
 33678 | Vaults:3 | 33678 ||| FLEEEEING.
 33679 | Vaults:3 | 33679 ||| FLEEEEING.
 33680 | Vaults:3 | 33680 ||| FLEEEEING.
 33681 | Vaults:3 | 33681 ||| FLEEEEING.
 33682 | Vaults:3 | 33682 ||| FLEEEEING.
 33683 | Vaults:3 | 33683 ||| FLEEEEING.
 33684 | Vaults:3 | 33684 ||| FLEEEEING.
 33687 | Vaults:3 | 33687 ||| FLEEEEING.
 33688 | Vaults:3 | 33688 ||| FLEEEEING.
 33689 | Vaults:3 | 33689 ||| FLEEEEING.
 33690 | Vaults:3 | 33690 ||| FLEEEEING.
 33691 | Vaults:3 | 33691 ||| FLEEEEING.
 33738 | Vaults:3 | 33738 ||| INVOKING Heroism.
 33746 | Vaults:3 | Reached XP level 20. HP: 134/134 MP: 25/27
 33857 | Vaults:3 | 33857 ||| INVOKING Heroism.
 33858 | Vaults:3 | Noticed Margery
 33859 | Vaults:3 | 33859 ||| DRINKING 5 potions of resistance.
 33881 | Vaults:3 | Killed Margery
 33953 | Vaults:3 | Found a runed translucent gate.
 33953 | Vaults:3 | Found a runed translucent gate.
 33953 | Vaults:3 | Found a runed translucent gate.
 33956 | Vaults:3 | Identified the +9 long sword "Jiufa" {vorpal, rPois rF-
                  | rN++ rCorr}
 33956 | Vaults:3 | Noticed qw's ghost (adept GrFi)
 34209 | Vaults:3 | Found a huge runed gate.
 34209 | Vaults:3 | Found a huge runed gate.
 34209 | Vaults:3 | Found a huge runed gate.
 34209 | Vaults:3 | Found a huge runed gate.
 34209 | Vaults:3 | Found a huge runed gate.
 34210 | Vaults:3 | Found a huge runed gate.
 34210 | Vaults:3 | Found a huge runed gate.
 34210 | Vaults:3 | Found a huge runed gate.
 34210 | Vaults:3 | Found a huge runed gate.
 34215 | Vaults:3 | Found a huge runed gate.
 34215 | Vaults:3 | Found a huge runed gate.
 34215 | Vaults:3 | Found a huge runed gate.
 34215 | Vaults:3 | Found a huge runed gate.
 34215 | Vaults:3 | Found a huge runed gate.
 34215 | Vaults:3 | Found a huge runed gate.
 34216 | Vaults:3 | Found a huge runed gate.
 34217 | Vaults:3 | Found a huge runed gate.
 34218 | Vaults:3 | Found a huge runed gate.
 34225 | Vaults:3 | Noticed Boris
 34237 | Vaults:3 | 34237 ||| INVOKING Heroism.
 34242 | Vaults:3 | Reached skill level 15 in Armour
 34245 | Vaults:3 | Killed Boris
 34291 | Vaults:3 | Found a huge runed gate.
 34291 | Vaults:3 | Found a huge runed gate.
 34291 | Vaults:3 | Found a huge runed gate.
 34291 | Vaults:3 | Found a huge runed gate.
 34291 | Vaults:3 | Found a huge runed gate.
 34291 | Vaults:3 | Found a huge runed gate.
 34292 | Vaults:3 | Found a huge runed gate.
 34293 | Vaults:3 | Found a huge runed gate.
 34294 | Vaults:3 | Found a huge runed gate.
 34325 | Vaults:3 | Found a huge runed gate.
 34325 | Vaults:3 | Found a huge runed gate.
 34325 | Vaults:3 | Found a huge runed gate.
 34325 | Vaults:3 | Found a huge runed gate.
 34325 | Vaults:3 | Found a huge runed gate.
 34325 | Vaults:3 | Found a huge runed gate.
 34328 | Vaults:3 | Found a huge runed gate.
 34329 | Vaults:3 | Found a huge runed gate.
 34330 | Vaults:3 | Found a huge runed gate.
 34426 | Vaults:3 | Found Taqiav's Jewellery Emporium.
 34435 | Vaults:3 | 34435 ||| BUYING amulet of reflection (540 gold).
 34435 | Vaults:3 | Bought an amulet of reflection for 540 gold pieces
 34448 | Vaults:3 | 34448 ||| READING scroll of enchant weapon.
 34448 | Vaults:3 | 34448 ||| ENCHANTING +7 broad axe of venom.
 34484 | Vaults:3 | 34484 ||| Stepping ~*~*~tactically~*~*~ (stealth).
 34495 | Vaults:3 | 34495 ||| Stepping ~*~*~tactically~*~*~ (stealth).
 34503 | Vaults:3 | Received a gift from Okawaru
 34745 | Vaults:3 | 34745 ||| UPGRADING to amulet of reflection.
 34755 | Vaults:3 | 34755 ||| DROPPING amulet of regeneration.
 34841 | Vaults:4 | 34841 ||| FLEEEEING.
 34843 | Vaults:4 | 34843 ||| FLEEEEING.
 34844 | Vaults:4 | 34844 ||| FLEEEEING.
 34847 | Vaults:4 | 34847 ||| FLEEEEING.
 34848 | Vaults:4 | 34848 ||| FLEEEEING.
 34849 | Vaults:4 | 34849 ||| FLEEEEING.
 34850 | Vaults:4 | 34850 ||| FLEEEEING.
 34853 | Vaults:4 | 34853 ||| FLEEEEING.
 34854 | Vaults:4 | 34854 ||| FLEEEEING.
 34855 | Vaults:4 | 34855 ||| FLEEEEING.
 34856 | Vaults:4 | 34856 ||| FLEEEEING.
 34857 | Vaults:4 | 34857 ||| FLEEEEING.
 34862 | Vaults:4 | 34862 ||| STAIRDANCE
 34992 | Vaults:3 | 34992 ||| READING 12 scrolls of identify.
 34992 | Vaults:3 | 34992 ||| IDENTIFYING brown potion
 34993 | Vaults:3 | 34993 ||| DROPPING potion of invisibility.
 35069 | Vaults:4 | 35069 ||| Stepping ~*~*~tactically~*~*~ (stealth).
 35071 | Vaults:4 | 35071 ||| Stepping ~*~*~tactically~*~*~ (stealth).
 35087 | Vaults:4 | 35087 ||| READING 11 scrolls of teleportation.
 35098 | Vaults:4 | Received a gift from Okawaru
 35098 | Vaults:4 | Found the +3 pair of gauntlets of War {Slay+5}
 35147 | Vaults:4 | 35147 ||| INVOKING Heroism.
 35152 | Vaults:4 | 35152 ||| Stepping ~*~*~tactically~*~*~ (hiding).
 35160 | Vaults:4 | 35160 ||| Stepping ~*~*~tactically~*~*~ (hiding).
 35167 | Vaults:4 | 35167 ||| INVOKING Heroism.
 35169 | Vaults:4 | Reached skill level 18 in Fighting
 35177 | Vaults:4 | Paralysed by a great orb of eyes for 3 turns
 35199 | Vaults:4 | 35199 ||| INVOKING Heroism.
 35209 | Vaults:4 | HP: 22/136 [vault warden/+0 dire flail (17)]
 35210 | Vaults:4 | 35210 ||| READING 10 scrolls of teleportation.
 35211 | Vaults:4 | 35211 ||| DRINKING 10 potions of heal wounds.
 35240 | Vaults:4 | 35240 ||| Stepping ~*~*~tactically~*~*~ (hiding).
 35241 | Vaults:4 | 35241 ||| INVOKING Heroism.
 35271 | Vaults:4 | Paralysed by a sphinx for 3 turns
 35274 | Vaults:4 | 35274 ||| DRINKING 13 potions of curing.
 35274 | Vaults:4 | 35274 ||| (to cure confusion)
 35275 | Vaults:4 | 35275 ||| INVOKING Heroism.
 35300 | Vaults:4 | 35300 ||| INVOKING Heroism.
 35304 | Vaults:4 | 35304 ||| STAIRDANCE
 35304 | Vaults:4 | HP: 33/136 [ironbound frostheart/creeping frost (11)]
 35690 | Vaults:3 | 35690 ||| UPGRADING to +3 pair of gauntlets of War
                  | {Slay+5}.
 35700 | Vaults:3 | 35700 ||| DROPPING +1 pair of gloves of Hepliaklqana's
                  | Grace {Dex+7}.
 35738 | Vaults:4 | 35738 ||| STAIRDANCE
 36033 | Vaults:4 | 36033 ||| INVOKING Heroism.
 36295 | Vaults:4 | 36295 ||| FLEEEEING.
 36296 | Vaults:4 | 36296 ||| FLEEEEING.
 36297 | Vaults:4 | 36297 ||| FLEEEEING.
 36301 | Vaults:4 | 36301 ||| FLEEEEING.
 36302 | Vaults:4 | 36302 ||| FLEEEEING.
 36303 | Vaults:4 | 36303 ||| FLEEEEING.
 36304 | Vaults:4 | 36304 ||| FLEEEEING.
 36305 | Vaults:4 | 36305 ||| FLEEEEING.
 36306 | Vaults:4 | 36306 ||| FLEEEEING.
 36307 | Vaults:4 | 36307 ||| FLEEEEING.
 36310 | Vaults:4 | 36310 ||| FLEEEEING.
 36311 | Vaults:4 | 36311 ||| FLEEEEING.
 36312 | Vaults:4 | 36312 ||| FLEEEEING.
 36313 | Vaults:4 | 36313 ||| FLEEEEING.
 36314 | Vaults:4 | 36314 ||| FLEEEEING.
 36315 | Vaults:4 | 36315 ||| FLEEEEING.
 36316 | Vaults:4 | 36316 ||| FLEEEEING.
 36320 | Vaults:4 | 36320 ||| FLEEEEING.
 36321 | Vaults:4 | 36321 ||| FLEEEEING.
 36322 | Vaults:4 | 36322 ||| FLEEEEING.
 36323 | Vaults:4 | 36323 ||| FLEEEEING.
 36324 | Vaults:4 | 36324 ||| FLEEEEING.
 36325 | Vaults:4 | 36325 ||| FLEEEEING.
 36326 | Vaults:4 | 36326 ||| FLEEEEING.
 36408 | Vaults:4 | 36408 ||| Stepping ~*~*~tactically~*~*~ (hiding).
 36414 | Vaults:4 | 36414 ||| Stepping ~*~*~tactically~*~*~ (hiding).
 36420 | Vaults:4 | 36420 ||| INVOKING Heroism.
 36842 | Vaults:4 | 36842 ||| Stepping ~*~*~tactically~*~*~ (stealth).
 36844 | Vaults:4 | 36844 ||| Stepping ~*~*~tactically~*~*~ (stealth).
 36856 | Vaults:4 | Received a gift from Okawaru
 36858 | Vaults:4 | 36858 ||| Stepping ~*~*~tactically~*~*~ (hiding).
 36864 | Abyss:2  | Cast into level 2 of the Abyss (a wizard)
 36883 | Abyss:2  | 36883 ||| Stepping ~*~*~tactically~*~*~ (stealth).
 36903 | Vaults:4 | Escaped the Abyss
 36942 | Vaults:4 | 36942 ||| Stepping ~*~*~tactically~*~*~ (hiding).
 36988 | Vaults:4 | 36988 ||| FLEEEEING.
 36989 | Vaults:4 | 36989 ||| FLEEEEING.
 36990 | Vaults:4 | 36990 ||| FLEEEEING.
 36991 | Vaults:4 | 36991 ||| FLEEEEING.
 37353 | Vaults:4 | 37353 ||| PLANNING SHOALS:4
 37353 | Vaults:4 | 37353 ||| READING scroll labelled ZESHRU MOUFO.
 37604 | Shoals:4 | Entered Level 4 of the Shoals
 37627 | Shoals:4 | 37627 ||| INVOKING Heroism.
 37646 | Shoals:4 | 37646 ||| INVOKING Finesse.
 37664 | Shoals:4 | Received a gift from Okawaru
 37666 | Shoals:4 | Reached XP level 21. HP: 87/142 MP: 24/28
 37857 | Shoals:4 | 37857 ||| Stepping ~*~*~tactically~*~*~ (hiding).
 37860 | Shoals:4 | 37860 ||| Stepping ~*~*~tactically~*~*~ (stealth).
 37913 | Shoals:4 | 37913 ||| Stepping ~*~*~tactically~*~*~ (hiding).
 37914 | Shoals:4 | 37914 ||| Stepping ~*~*~tactically~*~*~ (hiding).
 37917 | Shoals:4 | 37917 ||| INVOKING Heroism.
 37960 | Shoals:4 | Reached skill level 19 in Fighting
 37967 | Shoals:4 | 37967 ||| Stepping ~*~*~tactically~*~*~ (hiding).
 37969 | Shoals:4 | 37969 ||| Stepping ~*~*~tactically~*~*~ (hiding).
 37970 | Shoals:4 | 37970 ||| Stepping ~*~*~tactically~*~*~ (hiding).
 37973 | Shoals:4 | 37973 ||| INVOKING Heroism.
 37985 | Shoals:4 | Paralysed by an air elemental for 1 turns
 37994 | Shoals:4 | 37994 ||| Stepping ~*~*~tactically~*~*~ (stealth).
 37998 | Shoals:4 | 37998 ||| INVOKING Heroism.
 38090 | Shoals:4 | 38090 ||| Stepping ~*~*~tactically~*~*~ (stealth).
 38093 | Shoals:4 | 38093 ||| INVOKING Heroism.
 38095 | Shoals:4 | Found a blossoming altar of Fedhas.
 38108 | Shoals:4 | Received a gift from Okawaru
 38190 | Shoals:4 | Paralysed by an air elemental for 1 turns
 38213 | Shoals:4 | 38213 ||| INVOKING Heroism.
 38244 | Shoals:4 | 38244 ||| INVOKING Heroism.
 38258 | Shoals:4 | 38258 ||| Stepping ~*~*~tactically~*~*~ (stealth).
 38301 | Shoals:4 | 38301 ||| Stepping ~*~*~tactically~*~*~ (stealth).
 38337 | Shoals:4 | 38337 ||| Stepping ~*~*~tactically~*~*~ (stealth).
 38342 | Shoals:4 | 38342 ||| Stepping ~*~*~tactically~*~*~ (stealth).
 38357 | Shoals:4 | 38357 ||| Stepping ~*~*~tactically~*~*~ (stealth).
 38359 | Shoals:4 | 38359 ||| Stepping ~*~*~tactically~*~*~ (hiding).
 38364 | Shoals:4 | 38364 ||| INVOKING Heroism.
 38369 | Shoals:4 | Received a gift from Okawaru
 38381 | Shoals:4 | 38381 ||| Stepping ~*~*~tactically~*~*~ (stealth).
 38382 | Shoals:4 | 38382 ||| Stepping ~*~*~tactically~*~*~ (stealth).
 38383 | Shoals:4 | 38383 ||| Stepping ~*~*~tactically~*~*~ (stealth).
 38384 | Shoals:4 | 38384 ||| Stepping ~*~*~tactically~*~*~ (stealth).
 38386 | Shoals:4 | 38386 ||| Stepping ~*~*~tactically~*~*~ (hiding).
 38387 | Shoals:4 | Identified the ring "Obyzy" {Ice Slay+2}
 38392 | Shoals:4 | 38392 ||| Stepping ~*~*~tactically~*~*~ (hiding).
 38402 | Shoals:4 | 38402 ||| INVOKING Finesse.
 38418 | Shoals:4 | 38418 ||| Stepping ~*~*~tactically~*~*~ (hiding).
 38435 | Shoals:4 | 38435 ||| Stepping ~*~*~tactically~*~*~ (hiding).
 38456 | Shoals:4 | 38456 ||| Stepping ~*~*~tactically~*~*~ (stealth).
 38457 | Shoals:4 | 38457 ||| Stepping ~*~*~tactically~*~*~ (stealth).
 38501 | Shoals:4 | 38501 ||| INVOKING Heroism.
 38505 | Shoals:4 | Identified the +0 pair of gloves of Beastly Birdsong
                  | {Str+2} (Okawaru gifted it to you on level 4 of the Shoals)
 38505 | Shoals:4 | Received a gift from Okawaru
 38534 | Shoals:4 | 38534 ||| Stepping ~*~*~tactically~*~*~ (stealth).
 38539 | Shoals:4 | 38539 ||| Stepping ~*~*~tactically~*~*~ (stealth).
 38544 | Shoals:4 | 38544 ||| Stepping ~*~*~tactically~*~*~ (stealth).
 38546 | Shoals:4 | 38546 ||| Stepping ~*~*~tactically~*~*~ (hiding).
 38575 | Shoals:4 | 38575 ||| Stepping ~*~*~tactically~*~*~ (stealth).
 38576 | Shoals:4 | 38576 ||| Stepping ~*~*~tactically~*~*~ (hiding).
 38580 | Shoals:4 | 38580 ||| INVOKING Heroism.
 38581 | Shoals:4 | 38581 ||| INVOKING Finesse.
 38618 | Shoals:4 | 38618 ||| Stepping ~*~*~tactically~*~*~ (stealth).
 38662 | Shoals:4 | 38662 ||| Stepping ~*~*~tactically~*~*~ (stealth).
 38664 | Shoals:4 | 38664 ||| Stepping ~*~*~tactically~*~*~ (stealth).
 38701 | Shoals:4 | 38701 ||| Stepping ~*~*~tactically~*~*~ (stealth).
 38707 | Shoals:4 | 38707 ||| Stepping ~*~*~tactically~*~*~ (stealth).
 38711 | Shoals:4 | 38711 ||| Stepping ~*~*~tactically~*~*~ (stealth).
 38714 | Shoals:4 | 38714 ||| Stepping ~*~*~tactically~*~*~ (stealth).
 38738 | Shoals:4 | Got a barnacled rune of Zot
 38764 | Shoals:4 | 38764 ||| Stepping ~*~*~tactically~*~*~ (hiding).
 38765 | Shoals:4 | 38765 ||| Stepping ~*~*~tactically~*~*~ (hiding).
 38775 | Shoals:4 | Paralysed by an air elemental for 1 turns
 38778 | Shoals:4 | 38778 ||| Stepping ~*~*~tactically~*~*~ (hiding).
 38789 | Shoals:4 | Paralysed by an air elemental for 1 turns
 38793 | Shoals:4 | Paralysed by an air elemental for 1 turns
 38801 | Shoals:4 | 38801 ||| FLEEEEING.
 38803 | Shoals:4 | 38803 ||| FLEEEEING.
 38805 | Shoals:4 | 38805 ||| FLEEEEING.
 38806 | Shoals:4 | 38806 ||| FLEEEEING.
 38815 | Shoals:4 | 38815 ||| Stepping ~*~*~tactically~*~*~ (stealth).
 39107 | Shoals:4 | 39107 ||| PLANNING DEPTHS
 39107 | Shoals:4 | 39107 ||| UPGRADING to +1 helmet of see invisible.
 39322 | Depths:1 | Entered Level 1 of the Depths
 39341 | Depths:1 | 39341 ||| Stepping ~*~*~tactically~*~*~ (hiding).
 39345 | Depths:1 | 39345 ||| INVOKING Heroism.
 39346 | Depths:1 | 39346 ||| INVOKING Finesse.
 39438 | Depths:1 | Found a gateway to Hell.
 39461 | Depths:1 | 39461 ||| Stepping ~*~*~tactically~*~*~ (stealth).
 39463 | Depths:1 | 39463 ||| Stepping ~*~*~tactically~*~*~ (hiding).
 39469 | Depths:1 | 39469 ||| INVOKING Heroism.
 39471 | Depths:1 | 39471 ||| INVOKING Finesse.
 39472 | Depths:1 | 39472 ||| Stepping ~*~*~tactically~*~*~ (stealth).
 39502 | Depths:1 | 39502 ||| Stepping ~*~*~tactically~*~*~ (stealth).
 39516 | Depths:1 | 39516 ||| Stepping ~*~*~tactically~*~*~ (stealth).
 39518 | Depths:1 | 39518 ||| Stepping ~*~*~tactically~*~*~ (stealth).
 39519 | Depths:1 | 39519 ||| Stepping ~*~*~tactically~*~*~ (stealth).
 39520 | Depths:1 | 39520 ||| Stepping ~*~*~tactically~*~*~ (stealth).
 39530 | Depths:1 | 39530 ||| Stepping ~*~*~tactically~*~*~ (stealth).
 39532 | Depths:1 | 39532 ||| Stepping ~*~*~tactically~*~*~ (stealth).
 39533 | Depths:1 | 39533 ||| Stepping ~*~*~tactically~*~*~ (stealth).
 39534 | Depths:1 | 39534 ||| Stepping ~*~*~tactically~*~*~ (stealth).
 39538 | Depths:1 | 39538 ||| INVOKING Heroism.
 39681 | Depths:1 | 39681 ||| INVOKING Heroism.
 39748 | Depths:1 | 39748 ||| Stepping ~*~*~tactically~*~*~ (stealth).
 39749 | Depths:1 | 39749 ||| INVOKING Finesse.
 39750 | Depths:1 | 39750 ||| Stepping ~*~*~tactically~*~*~ (hiding).
 39751 | Depths:1 | 39751 ||| Stepping ~*~*~tactically~*~*~ (hiding).
 39756 | Depths:1 | 39756 ||| INVOKING Heroism.
 39802 | Depths:1 | 39802 ||| INVOKING Heroism.
 39846 | Depths:1 | 39846 ||| Stepping ~*~*~tactically~*~*~ (stealth).
 39904 | Depths:1 | Identified the +5 quarterstaff of Rotafirph {vorpal, Will+
                  | Stlth+}
 40052 | Depths:1 | 40052 ||| Stepping ~*~*~tactically~*~*~ (hiding).
 40117 | Depths:1 | Found a stormy altar of Qazlal.
 40201 | Depths:1 | Found a blossoming altar of Fedhas.
 40270 | Depths:1 | 40270 ||| INVOKING Heroism.
 40297 | Depths:1 | 40297 ||| DROPPING +6 ring of strength.
 40385 | Depths:2 | 40385 ||| Stepping ~*~*~tactically~*~*~ (stealth).
 40388 | Depths:2 | 40388 ||| Stepping ~*~*~tactically~*~*~ (stealth).
 40395 | Depths:2 | 40395 ||| Stepping ~*~*~tactically~*~*~ (stealth).
 40396 | Depths:2 | 40396 ||| Stepping ~*~*~tactically~*~*~ (stealth).
 40398 | Depths:2 | 40398 ||| INVOKING Heroism.
 40409 | Depths:2 | Reached skill level 20 in Fighting
 40418 | Depths:2 | Received a gift from Okawaru
 40469 | Depths:2 | 40469 ||| FLEEEEING.
 40481 | Depths:2 | 40481 ||| FLEEEEING.
 40482 | Depths:2 | 40482 ||| FLEEEEING.
 40483 | Depths:2 | 40483 ||| FLEEEEING.
 40484 | Depths:2 | 40484 ||| FLEEEEING.
 40485 | Depths:2 | 40485 ||| FLEEEEING.
 40486 | Depths:2 | 40486 ||| FLEEEEING.
 40487 | Depths:2 | 40487 ||| FLEEEEING.
 40489 | Depths:2 | 40489 ||| FLEEEEING.
 40490 | Depths:2 | 40490 ||| FLEEEEING.
 40491 | Depths:2 | 40491 ||| FLEEEEING.
 40492 | Depths:2 | 40492 ||| FLEEEEING.
 40493 | Depths:2 | 40493 ||| FLEEEEING.
 40494 | Depths:2 | 40494 ||| STAIRDANCE
 40573 | Depths:2 | 40573 ||| READING 10 scrolls of teleportation.
 40576 | Depths:2 | 40576 ||| INVOKING Heroism.
 40639 | Depths:2 | Found a one-way gate to the infinite horrors of the Abyss.
 40669 | Depths:2 | 40669 ||| INVOKING Heroism.
 40672 | Depths:2 | Received a gift from Okawaru
 40732 | Depths:2 | 40732 ||| Stepping ~*~*~tactically~*~*~ (stealth).
 40755 | Depths:2 | 40755 ||| Stepping ~*~*~tactically~*~*~ (stealth).
 40758 | Depths:2 | 40758 ||| Stepping ~*~*~tactically~*~*~ (stealth).
 40762 | Depths:2 | 40762 ||| Stepping ~*~*~tactically~*~*~ (stealth).
 40772 | Depths:2 | 40772 ||| Stepping ~*~*~tactically~*~*~ (stealth).
 40828 | Depths:2 | 40828 ||| Stepping ~*~*~tactically~*~*~ (hiding).
 40837 | Depths:2 | 40837 ||| INVOKING Heroism.
 40944 | Depths:2 | Found a one-way gate leading to the halls of Pandemonium.
 40981 | Depths:2 | 40981 ||| Stepping ~*~*~tactically~*~*~ (hiding).
 40992 | Depths:2 | 40992 ||| INVOKING Heroism.
 41005 | Depths:2 | Reached XP level 22. HP: 127/152 MP: 29/29
 41331 | Depths:2 | 41331 ||| Stepping ~*~*~tactically~*~*~ (hiding).
 41342 | Depths:2 | 41342 ||| Stepping ~*~*~tactically~*~*~ (hiding).
 41344 | Depths:2 | 41344 ||| Stepping ~*~*~tactically~*~*~ (hiding).
 41480 | Depths:2 | 41480 ||| FLEEEEING.
 41482 | Depths:2 | 41482 ||| INVOKING Heroism.
 41498 | Depths:2 | 41498 ||| INVOKING Finesse.
 41504 | Depths:2 | Reached skill level 18 in Armour
 41805 | Depths:2 | 41805 ||| DROPPING ring of wizardry.
 41865 | Depths:3 | Noticed a juggernaut
 41866 | Depths:3 | 41866 ||| INVOKING Heroism.
 41867 | Depths:3 | 41867 ||| INVOKING Finesse.
 41881 | Depths:3 | Killed a juggernaut
 41882 | Depths:3 | Reached skill level 21 in Shields
 42033 | Depths:3 | 42033 ||| Stepping ~*~*~tactically~*~*~ (hiding).
 42085 | Depths:3 | 42085 ||| INVOKING Heroism.
 42116 | Depths:3 | 42116 ||| Stepping ~*~*~tactically~*~*~ (stealth).
 42120 | Depths:3 | 42120 ||| Stepping ~*~*~tactically~*~*~ (stealth).
 42122 | Depths:3 | 42122 ||| Stepping ~*~*~tactically~*~*~ (hiding).
 42123 | Depths:3 | 42123 ||| Stepping ~*~*~tactically~*~*~ (hiding).
 42130 | Depths:3 | 42130 ||| Stepping ~*~*~tactically~*~*~ (hiding).
 42132 | Depths:3 | 42132 ||| Stepping ~*~*~tactically~*~*~ (hiding).
 42143 | Depths:3 | 42143 ||| Stepping ~*~*~tactically~*~*~ (hiding).
 42154 | Depths:3 | 42154 ||| INVOKING Heroism.
 42214 | Depths:3 | 42214 ||| Stepping ~*~*~tactically~*~*~ (hiding).
 42215 | Depths:3 | 42215 ||| INVOKING Heroism.
 42268 | Depths:3 | 42268 ||| Stepping ~*~*~tactically~*~*~ (hiding).
 42280 | Depths:3 | 42280 ||| INVOKING Heroism.
 42281 | Depths:3 | 42281 ||| INVOKING Finesse.
 42291 | Depths:3 | 42291 ||| Stepping ~*~*~tactically~*~*~ (hiding).
 42461 | Depths:3 | Found a one-way gateway to a ziggurat.
 42524 | Depths:3 | 42524 ||| Stepping ~*~*~tactically~*~*~ (hiding).
 42527 | Depths:3 | 42527 ||| INVOKING Heroism.
 42807 | Depths:3 | Noticed Mennas
 42808 | Depths:3 | 42808 ||| INVOKING Heroism.
 42842 | Depths:3 | HP: 34/153 [Mennas/+3 eudemon blade of holy wrath (11)]
 42843 | Depths:3 | 42843 ||| DRINKING 14 potions of heal wounds.
 42845 | Depths:3 | Killed Mennas
 42845 | Depths:3 | Received a gift from Okawaru
 43236 | Depths:3 | 43236 ||| FLEEEEING.
 43237 | Depths:3 | 43237 ||| FLEEEEING.
 43238 | Depths:3 | 43238 ||| FLEEEEING.
 43239 | Depths:3 | 43239 ||| FLEEEEING.
 43240 | Depths:3 | 43240 ||| FLEEEEING.
 43241 | Depths:3 | 43241 ||| FLEEEEING.
 43242 | Depths:3 | 43242 ||| FLEEEEING.
 43246 | Depths:3 | 43246 ||| FLEEEEING.
 43247 | Depths:3 | 43247 ||| FLEEEEING.
 43248 | Depths:3 | 43248 ||| FLEEEEING.
 43249 | Depths:3 | 43249 ||| FLEEEEING.
 43250 | Depths:3 | 43250 ||| FLEEEEING.
 43251 | Depths:3 | 43251 ||| FLEEEEING.
 43252 | Depths:3 | 43252 ||| FLEEEEING.
 43253 | Depths:3 | 43253 ||| FLEEEEING.
 43254 | Depths:3 | 43254 ||| FLEEEEING.
 43255 | Depths:3 | 43255 ||| FLEEEEING.
 43256 | Depths:3 | 43256 ||| FLEEEEING.
 43257 | Depths:3 | 43257 ||| FLEEEEING.
 43258 | Depths:3 | 43258 ||| FLEEEEING.
 43259 | Depths:3 | 43259 ||| FLEEEEING.
 43260 | Depths:3 | 43260 ||| FLEEEEING.
 43261 | Depths:3 | 43261 ||| FLEEEEING.
 43262 | Depths:3 | 43262 ||| FLEEEEING.
 43263 | Depths:3 | 43263 ||| FLEEEEING.
 43264 | Depths:3 | 43264 ||| FLEEEEING.
 43265 | Depths:3 | 43265 ||| FLEEEEING.
 43266 | Depths:3 | 43266 ||| FLEEEEING.
 43267 | Depths:3 | 43267 ||| FLEEEEING.
 43268 | Depths:3 | 43268 ||| FLEEEEING.
 43269 | Depths:3 | 43269 ||| FLEEEEING.
 43270 | Depths:3 | 43270 ||| FLEEEEING.
 43271 | Depths:3 | 43271 ||| FLEEEEING.
 43272 | Depths:3 | 43272 ||| FLEEEEING.
 43273 | Depths:3 | 43273 ||| FLEEEEING.
 43274 | Depths:3 | 43274 ||| FLEEEEING.
 43275 | Depths:3 | 43275 ||| FLEEEEING.
 43282 | Depths:3 | 43282 ||| STAIRDANCE
 43367 | Depths:2 | 43367 ||| DROPPING amulet of the acrobat.
 43551 | Depths:3 | 43551 ||| Stepping ~*~*~tactically~*~*~ (stealth).
 43552 | Depths:3 | 43552 ||| INVOKING Heroism.
 43567 | Depths:3 | Reached skill level 21 in Fighting
 43577 | Depths:3 | 43577 ||| FLEEEEING.
 43578 | Depths:3 | 43578 ||| FLEEEEING.
 43579 | Depths:3 | 43579 ||| FLEEEEING.
 43580 | Depths:3 | 43580 ||| FLEEEEING.
 43581 | Depths:3 | 43581 ||| FLEEEEING.
 43582 | Depths:3 | 43582 ||| FLEEEEING.
 43583 | Depths:3 | 43583 ||| FLEEEEING.
 43584 | Depths:3 | 43584 ||| FLEEEEING.
 43585 | Depths:3 | 43585 ||| FLEEEEING.
 43645 | Depths:3 | 43645 ||| FLEEEEING.
 43662 | Depths:3 | 43662 ||| FLEEEEING.
 43679 | Depths:3 | 43679 ||| FLEEEEING.
 43680 | Depths:3 | 43680 ||| FLEEEEING.
 43705 | Depths:3 | 43705 ||| FLEEEEING.
 43706 | Depths:3 | 43706 ||| FLEEEEING.
 43707 | Depths:3 | 43707 ||| FLEEEEING.
 43708 | Depths:3 | 43708 ||| FLEEEEING.
 43709 | Depths:3 | 43709 ||| FLEEEEING.
 43710 | Depths:3 | 43710 ||| FLEEEEING.
 43711 | Depths:3 | 43711 ||| FLEEEEING.
 43712 | Depths:3 | 43712 ||| FLEEEEING.
 43713 | Depths:3 | 43713 ||| FLEEEEING.
 43714 | Depths:3 | 43714 ||| FLEEEEING.
 43715 | Depths:3 | 43715 ||| FLEEEEING.
 43716 | Depths:3 | 43716 ||| FLEEEEING.
 43717 | Depths:3 | 43717 ||| FLEEEEING.
 43734 | Depths:3 | 43734 ||| FLEEEEING.
 43735 | Depths:3 | 43735 ||| FLEEEEING.
 43858 | Depths:3 | Noticed a caustic shrike
 43859 | Depths:3 | 43859 ||| INVOKING Heroism.
 43867 | Depths:3 | Killed a caustic shrike
 43867 | Depths:3 | Received a gift from Okawaru
 44206 | Depths:3 | 44206 ||| DROPPING scarf of invisibility.
 44325 | Depths:4 | Entered Level 4 of the Depths
 44389 | Depths:4 | Found Banamise's Assorted Antiques.
 44397 | Depths:4 | 44397 ||| BUYING pair of glowing boots (210 gold).
 44397 | Depths:4 | Bought a pair of glowing boots for 210 gold pieces
 44397 | Depths:4 | 44397 ||| BUYING potion of attraction (84 gold).
 44397 | Depths:4 | Bought a potion of attraction for 84 gold pieces
 44397 | Depths:4 | 44397 ||| BUYING potion of magic (224 gold).
 44397 | Depths:4 | Bought a potion of magic for 224 gold pieces
 44397 | Depths:4 | 44397 ||| BUYING scroll of teleportation (84 gold).
 44397 | Depths:4 | Bought a scroll of teleportation for 84 gold pieces
 44424 | Depths:4 | 44424 ||| INVOKING Heroism.
 44484 | Depths:4 | Found Xiugosi's Book Shoppe.
 44551 | Depths:4 | 44551 ||| Stepping ~*~*~tactically~*~*~ (hiding).
 44552 | Depths:4 | 44552 ||| Stepping ~*~*~tactically~*~*~ (hiding).
 44554 | Depths:4 | 44554 ||| INVOKING Heroism.
 44581 | Depths:4 | Reached skill level 12 in Throwing
 44605 | Depths:4 | Noticed a golden dragon
 44606 | Depths:4 | 44606 ||| INVOKING Finesse.
 44609 | Depths:4 | 44609 ||| INVOKING Heroism.
 44616 | Depths:4 | Killed a golden dragon
 44617 | Depths:4 | Found a gate to the Realm of Zot.
 44981 | Depths:4 | 44981 ||| Stepping ~*~*~tactically~*~*~ (hiding).
 44985 | Depths:4 | 44985 ||| INVOKING Heroism.
 44986 | Depths:4 | 44986 ||| INVOKING Finesse.
 44991 | Depths:4 | Received a gift from Okawaru
 44999 | Depths:4 | 44999 ||| Stepping ~*~*~tactically~*~*~ (hiding).
 45025 | Depths:4 | 45025 ||| Stepping ~*~*~tactically~*~*~ (hiding).
 45081 | Depths:4 | Identified the +5 shortbow "Cyzeno" {freeze, rElec Int+4}
 45157 | Depths:4 | Found Ato Nioc's Magic Scroll Shoppe.
 45168 | Depths:4 | 45168 ||| BUYING scroll of teleportation (63 gold).
 45168 | Depths:4 | Bought a scroll of teleportation for 63 gold pieces
 45213 | Depths:4 | Found an ornate altar of the Wu Jian Council.
 45266 | Depths:4 | 45266 ||| FLEEEEING.
 45267 | Depths:4 | 45267 ||| FLEEEEING.
 45268 | Depths:4 | 45268 ||| FLEEEEING.
 45269 | Depths:4 | 45269 ||| FLEEEEING.
 45270 | Depths:4 | 45270 ||| FLEEEEING.
 45271 | Depths:4 | 45271 ||| FLEEEEING.
 45272 | Depths:4 | 45272 ||| FLEEEEING.
 45273 | Depths:4 | 45273 ||| FLEEEEING.
 45274 | Depths:4 | 45274 ||| FLEEEEING.
 45275 | Depths:4 | 45275 ||| FLEEEEING.
 45276 | Depths:4 | 45276 ||| FLEEEEING.
 45278 | Depths:4 | 45278 ||| FLEEEEING.
 45279 | Depths:4 | 45279 ||| FLEEEEING.
 45280 | Depths:4 | 45280 ||| FLEEEEING.
 45281 | Depths:4 | 45281 ||| FLEEEEING.
 45286 | Depths:4 | 45286 ||| FLEEEEING.
 45287 | Depths:4 | 45287 ||| FLEEEEING.
 45288 | Depths:4 | 45288 ||| FLEEEEING.
 45289 | Depths:4 | 45289 ||| FLEEEEING.
 45290 | Depths:4 | 45290 ||| FLEEEEING.
 45291 | Depths:4 | 45291 ||| FLEEEEING.
 45292 | Depths:4 | 45292 ||| FLEEEEING.
 45293 | Depths:4 | 45293 ||| FLEEEEING.
 45294 | Depths:4 | 45294 ||| FLEEEEING.
 45295 | Depths:4 | 45295 ||| FLEEEEING.
 45296 | Depths:4 | 45296 ||| FLEEEEING.
 45297 | Depths:4 | 45297 ||| FLEEEEING.
 45298 | Depths:4 | 45298 ||| STAIRDANCE
 45369 | Depths:3 | 45369 ||| UPGRADING to +2 pair of boots of rampaging.
 45379 | Depths:3 | 45379 ||| DROPPING +1 pair of boots of stealth.
 45380 | Depths:3 | 45380 ||| DROPPING +4 ring of evasion.
 45505 | Depths:4 | 45505 ||| PLANNING VAULTS:5
 45720 | Vaults:5 | Entered Level 5 of the Vaults
 45721 | Vaults:5 | 45721 ||| INVOKING Heroism.
 45722 | Vaults:5 | 45722 ||| STAIRDANCE
 45725 | Vaults:4 | Received a gift from Okawaru
 45746 | Vaults:5 | 45746 ||| STAIRDANCE
 45809 | Vaults:5 | 45809 ||| STAIRDANCE
 45811 | Vaults:4 | 45811 ||| INVOKING Heroism.
 45816 | Vaults:4 | Reached skill level 22 in Fighting
 45947 | Vaults:5 | 45947 ||| STAIRDANCE
 46039 | Vaults:5 | 46039 ||| STAIRDANCE
 46041 | Vaults:4 | 46041 ||| INVOKING Heroism.
 46159 | Vaults:5 | 46159 ||| STAIRDANCE
 46161 | Vaults:4 | 46161 ||| INVOKING Heroism.
 46174 | Vaults:4 | Reached XP level 23. HP: 152/162 MP: 30/30
 46203 | Vaults:5 | 46203 ||| STAIRDANCE
 46216 | Vaults:5 | 46216 ||| STAIRDANCE
 46218 | Vaults:4 | 46218 ||| INVOKING Heroism.
 46219 | Vaults:4 | 46219 ||| INVOKING Finesse.
 46304 | Vaults:5 | 46304 ||| INVOKING Heroism.
 46310 | Vaults:5 | Received a gift from Okawaru
 46324 | Vaults:5 | Noticed an ancient lich
 46325 | Vaults:5 | 46325 ||| INVOKING Finesse.
 46326 | Vaults:5 | 46326 ||| INVOKING Finesse.
 46343 | Vaults:5 | Killed an ancient lich
 46343 | Vaults:5 | Received a gift from Okawaru
 46386 | Vaults:5 | 46386 ||| INVOKING Heroism.
 46387 | Vaults:5 | 46387 ||| INVOKING Finesse.
 46403 | Vaults:5 | 46403 ||| Stepping ~*~*~tactically~*~*~ (stealth).
 46405 | Vaults:5 | 46405 ||| Stepping ~*~*~tactically~*~*~ (stealth).
 46406 | Vaults:5 | 46406 ||| Stepping ~*~*~tactically~*~*~ (stealth).
 46417 | Vaults:5 | 46417 ||| Stepping ~*~*~tactically~*~*~ (hiding).
 46422 | Vaults:5 | 46422 ||| Stepping ~*~*~tactically~*~*~ (hiding).
 46441 | Vaults:5 | Noticed an ancient lich
 46443 | Vaults:5 | 46443 ||| INVOKING Finesse.
 46448 | Vaults:5 | Noticed a golden dragon
 46457 | Vaults:5 | Killed an ancient lich
 46457 | Vaults:5 | Received a gift from Okawaru
 46459 | Vaults:5 | 46459 ||| Stepping ~*~*~tactically~*~*~ (hiding).
 46461 | Vaults:5 | Noticed an ancient lich
 46468 | Vaults:5 | Killed a golden dragon
 46471 | Vaults:5 | Killed an ancient lich
 46472 | Vaults:5 | 46472 ||| Stepping ~*~*~tactically~*~*~ (hiding).
 46496 | Vaults:5 | 46496 ||| Stepping ~*~*~tactically~*~*~ (hiding).
 46497 | Vaults:5 | 46497 ||| Stepping ~*~*~tactically~*~*~ (hiding).
 46501 | Vaults:5 | 46501 ||| INVOKING Heroism.
 46506 | Vaults:5 | Received a gift from Okawaru
 46674 | Vaults:5 | 46674 ||| READING scroll of enchant armour.
 46674 | Vaults:5 | 46674 ||| ENCHANTING +1 helmet of see invisible.
 46684 | Vaults:5 | Identified the +0 ring mail "Kyzash" {rPois rN+}
 46860 | Vaults:5 | Identified the +0 ring mail of Moluo {rPois Will- Regen+}
 46862 | Vaults:5 | Identified the +0 flail of Karma {drain, rPois Dex-4
                  | Stlth+}
 46865 | Vaults:5 | 46865 ||| INVOKING Heroism.
 46876 | Vaults:5 | Reached ****** piety under Okawaru
 46893 | Vaults:5 | 46893 ||| Stepping ~*~*~tactically~*~*~ (hiding).
 47002 | Vaults:5 | 47002 ||| INVOKING Heroism.
 47006 | Vaults:5 | Received a gift from Okawaru
 47062 | Vaults:5 | Found Punoqimi's Book Shoppe.
 47079 | Vaults:5 | Identified the +5 gold dragon scales "Ryrpheep" {Rampage
                  | rPois rF+ rC+}
 47385 | Vaults:5 | Got a silver rune of Zot
 47440 | Vaults:5 | Reached skill level 23 in Fighting
 47479 | Vaults:5 | 47479 ||| READING scroll of enchant weapon.
 47479 | Vaults:5 | 47479 ||| ENCHANTING +8 broad axe of chaos.
 47497 | Vaults:5 | 47497 ||| Stepping ~*~*~tactically~*~*~ (hiding).
 47502 | Vaults:5 | 47502 ||| Stepping ~*~*~tactically~*~*~ (hiding).
 47504 | Vaults:5 | 47504 ||| INVOKING Heroism.
 47548 | Vaults:5 | 47548 ||| Stepping ~*~*~tactically~*~*~ (hiding).
 47555 | Vaults:5 | 47555 ||| FLEEEEING.
 47556 | Vaults:5 | 47556 ||| FLEEEEING.
 47562 | Vaults:5 | 47562 ||| FLEEEEING.
 47563 | Vaults:5 | 47563 ||| FLEEEEING.
 47564 | Vaults:5 | 47564 ||| FLEEEEING.
 47566 | Vaults:5 | 47566 ||| FLEEEEING.
 47567 | Vaults:5 | 47567 ||| FLEEEEING.
 47568 | Vaults:5 | 47568 ||| FLEEEEING.
 47569 | Vaults:5 | 47569 ||| FLEEEEING.
 47570 | Vaults:5 | 47570 ||| FLEEEEING.
 47571 | Vaults:5 | 47571 ||| FLEEEEING.
 47572 | Vaults:5 | 47572 ||| FLEEEEING.
 47573 | Vaults:5 | 47573 ||| FLEEEEING.
 47574 | Vaults:5 | 47574 ||| FLEEEEING.
 47575 | Vaults:5 | 47575 ||| FLEEEEING.
 47577 | Vaults:5 | 47577 ||| FLEEEEING.
 47578 | Vaults:5 | 47578 ||| FLEEEEING.
 47579 | Vaults:5 | 47579 ||| FLEEEEING.
 47580 | Vaults:5 | 47580 ||| FLEEEEING.
 47581 | Vaults:5 | 47581 ||| FLEEEEING.
 47582 | Vaults:5 | 47582 ||| FLEEEEING.
 47589 | Vaults:5 | 47589 ||| FLEEEEING.
 47590 | Vaults:5 | 47590 ||| FLEEEEING.
 47591 | Vaults:5 | 47591 ||| FLEEEEING.
 47592 | Vaults:5 | 47592 ||| FLEEEEING.
 47593 | Vaults:5 | 47593 ||| FLEEEEING.
 47594 | Vaults:5 | 47594 ||| FLEEEEING.
 47595 | Vaults:5 | 47595 ||| FLEEEEING.
 47596 | Vaults:5 | 47596 ||| FLEEEEING.
 47597 | Vaults:5 | 47597 ||| FLEEEEING.
 47598 | Vaults:5 | 47598 ||| FLEEEEING.
 47599 | Vaults:5 | 47599 ||| FLEEEEING.
 47600 | Vaults:5 | 47600 ||| FLEEEEING.
 47602 | Vaults:5 | 47602 ||| FLEEEEING.
 47603 | Vaults:5 | 47603 ||| Stepping ~*~*~tactically~*~*~ (hiding).
 47606 | Vaults:5 | 47606 ||| Stepping ~*~*~tactically~*~*~ (hiding).
 47814 | Vaults:5 | Identified the +2 spear "Xicloof" {vorpal, Dex+7 SInv}
 47845 | Vaults:5 | 47845 ||| PLANNING SHOPPING SPREE
 47845 | Vaults:5 | 47845 ||| DROPPING +2 chain mail of cold resistance.
 47846 | Vaults:5 | 47846 ||| DROPPING +2 helmet.
 47847 | Vaults:5 | 47847 ||| DROPPING +0 ice dragon scales.
 47848 | Vaults:5 | 47848 ||| DROPPING +2 pair of boots of stealth.
 47849 | Vaults:5 | 47849 ||| UPGRADING to +5 gold dragon scales "Ryrpheep"
                  | {Rampage rPois rF+ rC+}.
 47859 | Vaults:5 | 47859 ||| DROPPING +7 chain mail of the Hanged Man {rElec
                  | rF+ Str+5 Dex-5}.
 48091 | Orc:1    | 48091 ||| BUYING potion of curing (39 gold).
 48091 | Orc:1    | Bought a potion of curing for 39 gold pieces
 48091 | Orc:1    | 48091 ||| BUYING potion of heal wounds (65 gold).
 48091 | Orc:1    | Bought a potion of heal wounds for 65 gold pieces
 48091 | Orc:1    | 48091 ||| BUYING potion of lignification (39 gold).
 48091 | Orc:1    | Bought a potion of lignification for 39 gold pieces
 48091 | Orc:1    | 48091 ||| BUYING potion of lignification (39 gold).
 48091 | Orc:1    | Bought a potion of lignification for 39 gold pieces
 48091 | Orc:1    | 48091 ||| BUYING potion of might (52 gold).
 48091 | Orc:1    | Bought a potion of might for 52 gold pieces
 48091 | Orc:1    | 48091 ||| BUYING potion of resistance (130 gold).
 48091 | Orc:1    | Bought a potion of resistance for 130 gold pieces
 48415 | Orc:2    | 48415 ||| BUYING pair of embroidered boots (270 gold).
 48415 | Orc:2    | Bought a pair of embroidered boots for 270 gold pieces
 48415 | Orc:2    | 48415 ||| DROPPING +1 pair of boots of flying.
 48591 | D:6      | 48591 ||| PLANNING ZOT
 48875 | Zot:1    | Entered Level 1 of the Realm of Zot
 48932 | Zot:1    | 48932 ||| Stepping ~*~*~tactically~*~*~ (hiding).
 48933 | Zot:1    | 48933 ||| INVOKING Heroism.
 48940 | Zot:1    | Noticed an orb of fire
 48941 | Zot:1    | 48941 ||| DRINKING 6 potions of resistance.
 48942 | Zot:1    | 48942 ||| INVOKING Finesse.
 48948 | Zot:1    | Gained mutation: You are dopey. (Int -2) [an orb of fire]
 48962 | Zot:1    | Gained mutation: Your body sometimes deteriorates upon
                  | taking damage. [an orb of fire]
 48963 | Zot:1    | Received a gift from Okawaru
 48966 | Zot:1    | Killed an orb of fire
 48972 | Zot:1    | Killed an orb of fire
 48975 | Zot:1    | Received a gift from Okawaru
 48984 | Zot:1    | 48984 ||| Stepping ~*~*~tactically~*~*~ (hiding).
 49001 | Zot:1    | 49001 ||| Stepping ~*~*~tactically~*~*~ (hiding).
 49002 | Zot:1    | 49002 ||| Stepping ~*~*~tactically~*~*~ (hiding).
 49003 | Zot:1    | 49003 ||| Stepping ~*~*~tactically~*~*~ (hiding).
 49026 | Zot:1    | 49026 ||| Stepping ~*~*~tactically~*~*~ (stealth).
 49071 | Zot:1    | 49071 ||| Stepping ~*~*~tactically~*~*~ (stealth).
 49087 | Zot:1    | 49087 ||| INVOKING Heroism.
 49119 | Zot:1    | Noticed a golden dragon
 49121 | Zot:1    | 49121 ||| INVOKING Finesse.
 49130 | Zot:1    | Killed a golden dragon
 49203 | Zot:1    | 49203 ||| Stepping ~*~*~tactically~*~*~ (hiding).
 49206 | Zot:1    | 49206 ||| INVOKING Heroism.
 49257 | Zot:1    | 49257 ||| Stepping ~*~*~tactically~*~*~ (stealth).
 49258 | Zot:1    | 49258 ||| Stepping ~*~*~tactically~*~*~ (stealth).
 49262 | Zot:1    | 49262 ||| INVOKING Heroism.
 49272 | Zot:1    | Reached XP level 24. HP: 139/166 MP: 29/30
 49460 | Zot:1    | 49460 ||| Stepping ~*~*~tactically~*~*~ (hiding).
 49463 | Zot:1    | 49463 ||| INVOKING Heroism.
 49484 | Zot:1    | 49484 ||| DROPPING scarf of repulsion.
 49485 | Zot:1    | 49485 ||| UPGRADING to scarf of resistance.
 49662 | Zot:2    | 49662 ||| INVOKING Heroism.
 49726 | Zot:2    | Noticed a Killer Klown
 49727 | Zot:2    | 49727 ||| INVOKING Heroism.
 49731 | Zot:2    | 49731 ||| INVOKING Finesse.
 49743 | Zot:2    | Killed a Killer Klown
 49763 | Zot:2    | 49763 ||| Stepping ~*~*~tactically~*~*~ (stealth).
 49841 | Zot:2    | Noticed a curse toe
 49842 | Zot:2    | 49842 ||| INVOKING Heroism.
 49852 | Zot:2    | Killed a curse toe
 49853 | Zot:2    | Reached skill level 21 in Armour
 49885 | Zot:2    | 49885 ||| INVOKING Heroism.
 49949 | Zot:2    | 49949 ||| INVOKING Heroism.
 50065 | Zot:2    | 50065 ||| Stepping ~*~*~tactically~*~*~ (stealth).
 50155 | Zot:2    | Noticed a Killer Klown
 50160 | Zot:2    | 50160 ||| INVOKING Heroism.
 50161 | Zot:2    | 50161 ||| INVOKING Finesse.
 50166 | Zot:2    | Killed a Killer Klown
 50185 | Zot:2    | 50185 ||| Stepping ~*~*~tactically~*~*~ (hiding).
 50190 | Zot:2    | 50190 ||| Stepping ~*~*~tactically~*~*~ (hiding).
 50203 | Zot:2    | 50203 ||| Stepping ~*~*~tactically~*~*~ (cloud).
 50211 | Zot:2    | 50211 ||| Stepping ~*~*~tactically~*~*~ (hiding).
 50339 | Zot:2    | 50339 ||| Stepping ~*~*~tactically~*~*~ (hiding).
 50340 | Zot:2    | 50340 ||| Stepping ~*~*~tactically~*~*~ (hiding).
 50341 | Zot:2    | 50341 ||| Stepping ~*~*~tactically~*~*~ (hiding).
 50398 | Zot:2    | 50398 ||| Stepping ~*~*~tactically~*~*~ (hiding).
 50404 | Zot:2    | 50404 ||| INVOKING Heroism.
 50426 | Zot:2    | 50426 ||| Stepping ~*~*~tactically~*~*~ (stealth).
 50427 | Zot:2    | 50427 ||| Stepping ~*~*~tactically~*~*~ (stealth).
 50541 | Zot:2    | 50541 ||| DROPPING ring of ice.
 50542 | Zot:2    | 50542 ||| READING 17 scrolls of teleportation.
 50549 | Zot:2    | 50549 ||| Stepping ~*~*~tactically~*~*~ (hiding).
 50553 | Zot:2    | 50553 ||| INVOKING Heroism.
 50823 | Zot:2    | Received a gift from Okawaru
 51217 | Zot:2    | 51217 ||| Stepping ~*~*~tactically~*~*~ (hiding).
 51509 | Zot:3    | 51509 ||| Stepping ~*~*~tactically~*~*~ (stealth).
 51510 | Zot:3    | 51510 ||| Stepping ~*~*~tactically~*~*~ (stealth).
 51511 | Zot:3    | 51511 ||| Stepping ~*~*~tactically~*~*~ (stealth).
 51524 | Zot:3    | 51524 ||| READING scroll of acquirement.
 51524 | Zot:3    | 51524 ||| ACQUIRING ring "Jiaroyck" {rC++ Str+4 Dex+6}
 51524 | Zot:3    | Acquired the ring "Jiaroyck" {rC++ Str+4 Dex+6}
 51525 | Zot:3    | 51525 ||| Stepping ~*~*~tactically~*~*~ (stealth).
 51527 | Zot:3    | 51527 ||| Stepping ~*~*~tactically~*~*~ (hiding).
 51531 | Zot:3    | 51531 ||| INVOKING Heroism.
 51627 | Zot:3    | 51627 ||| Stepping ~*~*~tactically~*~*~ (hiding).
 51644 | Zot:3    | 51644 ||| Stepping ~*~*~tactically~*~*~ (hiding).
 51651 | Zot:3    | 51651 ||| INVOKING Heroism.
 51658 | Zot:3    | 51658 ||| Stepping ~*~*~tactically~*~*~ (hiding).
 51984 | Zot:3    | 51984 ||| Stepping ~*~*~tactically~*~*~ (hiding).
 51985 | Zot:3    | 51985 ||| INVOKING Heroism.
 52014 | Zot:3    | 52014 ||| INVOKING Heroism.
 52018 | Zot:3    | HP: 43/172 [black draconian/+0 short sword[a red draconian
                  | scorcher] (8)]
 52019 | Zot:3    | 52019 ||| READING 17 scrolls of teleportation.
 52020 | Zot:3    | 52020 ||| DRINKING 16 potions of heal wounds.
 52027 | Zot:3    | HP: 40/172 [yellow draconian/+0 dire flail[a black
                  | draconian knight] (7)]
 52028 | Zot:3    | 52028 ||| DRINKING 15 potions of heal wounds.
 52029 | Zot:3    | 52029 ||| DRINKING 14 potions of heal wounds.
 52078 | Zot:3    | 52078 ||| Stepping ~*~*~tactically~*~*~ (stealth).
 52082 | Zot:3    | 52082 ||| INVOKING Heroism.
 52104 | Zot:3    | 52104 ||| Stepping ~*~*~tactically~*~*~ (stealth).
 52105 | Zot:3    | 52105 ||| Stepping ~*~*~tactically~*~*~ (stealth).
 52106 | Zot:3    | 52106 ||| Stepping ~*~*~tactically~*~*~ (stealth).
 52425 | Zot:3    | 52425 ||| Stepping ~*~*~tactically~*~*~ (stealth).
 52666 | Zot:3    | 52666 ||| Stepping ~*~*~tactically~*~*~ (stealth).
 52984 | Zot:3    | 52984 ||| DROPPING ring of protection from cold.
 52985 | Zot:3    | 52985 ||| UPGRADING to ring "Jiaroyck" {rC++ Str+4 Dex+6}.
 52987 | Zot:3    | 52987 ||| UPGRADING to +2 cloak.
 52997 | Zot:3    | 52997 ||| DROPPING +4 ring of slaying {mikee}.
 53028 | Zot:4    | 53028 ||| STAIRDANCE
 53068 | Zot:4    | 53068 ||| STAIRDANCE
 53070 | Zot:3    | 53070 ||| INVOKING Heroism.
 53171 | Zot:4    | 53171 ||| STAIRDANCE
 53179 | Zot:3    | Received a gift from Okawaru
 53211 | Zot:4    | 53211 ||| STAIRDANCE
 53308 | Zot:4    | 53308 ||| INVOKING Heroism.
 53315 | Zot:4    | 53315 ||| STAIRDANCE
 53395 | Zot:4    | Received a gift from Okawaru
 53425 | Zot:4    | 53425 ||| INVOKING Heroism.
 53455 | Zot:4    | 53455 ||| Stepping ~*~*~tactically~*~*~ (stealth).
 53457 | Zot:4    | 53457 ||| Stepping ~*~*~tactically~*~*~ (hiding).
 53526 | Zot:4    | 53526 ||| INVOKING Heroism.
 53548 | Zot:4    | Reached XP level 25. HP: 151/178 MP: 30/30
 53845 | Zot:4    | 53845 ||| INVOKING Heroism.
 53852 | Zot:4    | 53852 ||| Stepping ~*~*~tactically~*~*~ (hiding).
 54055 | Zot:4    | Noticed a Killer Klown
 54058 | Zot:4    | 54058 ||| INVOKING Heroism.
 54059 | Zot:4    | 54059 ||| INVOKING Finesse.
 54061 | Zot:4    | 54061 ||| Stepping ~*~*~tactically~*~*~ (hiding).
 54071 | Zot:4    | Killed a Killer Klown
 54263 | Zot:4    | 54263 ||| INVOKING Heroism.
 54264 | Zot:4    | Found the +4 dragonskin cloak
 54264 | Zot:4    | Noticed Tiamat
 54265 | Zot:4    | 54265 ||| INVOKING Finesse.
 54270 | Zot:4    | Reached skill level 9 in Dodging
 54284 | Zot:4    | Reached skill level 24 in Fighting
 54309 | Zot:4    | Killed Tiamat
 54309 | Zot:4    | Received a gift from Okawaru
 54388 | Zot:4    | 54388 ||| INVOKING Heroism.
 54389 | Zot:4    | 54389 ||| INVOKING Finesse.
 54536 | Zot:4    | Noticed a dread lich
 54537 | Zot:4    | 54537 ||| INVOKING Heroism.
 54538 | Zot:4    | 54538 ||| INVOKING Finesse.
 54558 | Zot:4    | Killed a dread lich
 54558 | Zot:4    | Received a gift from Okawaru
 54639 | Zot:4    | 54639 ||| INVOKING Heroism.
 54640 | Zot:4    | 54640 ||| INVOKING Finesse.
 54707 | Zot:4    | 54707 ||| Stepping ~*~*~tactically~*~*~ (hiding).
 54709 | Zot:4    | 54709 ||| INVOKING Heroism.
 54730 | Zot:4    | 54730 ||| Stepping ~*~*~tactically~*~*~ (hiding).
 54782 | Zot:4    | 54782 ||| INVOKING Heroism.
 54827 | Zot:4    | 54827 ||| Stepping ~*~*~tactically~*~*~ (stealth).
 54836 | Zot:4    | 54836 ||| Stepping ~*~*~tactically~*~*~ (hiding).
 54837 | Zot:4    | 54837 ||| Stepping ~*~*~tactically~*~*~ (hiding).
 54838 | Zot:4    | 54838 ||| FLEEEEING.
 54839 | Zot:4    | 54839 ||| FLEEEEING.
 54840 | Zot:4    | 54840 ||| FLEEEEING.
 54841 | Zot:4    | 54841 ||| FLEEEEING.
 54842 | Zot:4    | 54842 ||| FLEEEEING.
 54843 | Zot:4    | 54843 ||| FLEEEEING.
 54844 | Zot:4    | 54844 ||| FLEEEEING.
 54845 | Zot:4    | 54845 ||| FLEEEEING.
 54846 | Zot:4    | 54846 ||| FLEEEEING.
 54847 | Zot:4    | 54847 ||| INVOKING Heroism.
 54869 | Zot:4    | 54869 ||| FLEEEEING.
 54872 | Zot:4    | 54872 ||| FLEEEEING.
 54873 | Zot:4    | 54873 ||| FLEEEEING.
 55243 | Zot:4    | 55243 ||| DROPPING +4 plate armour.
 55244 | Zot:4    | 55244 ||| UPGRADING to +4 dragonskin cloak.
 55254 | Zot:4    | 55254 ||| DROPPING +2 cloak.
 55275 | Zot:5    | Entered Level 5 of the Realm of Zot
 55292 | Zot:5    | 55292 ||| FLEEEEING.
 55293 | Zot:5    | 55293 ||| FLEEEEING.
 55294 | Zot:5    | 55294 ||| FLEEEEING.
 55328 | Zot:5    | 55328 ||| INVOKING Heroism.
 55344 | Zot:5    | Received a gift from Okawaru
 55379 | Zot:5    | Noticed a Killer Klown
 55380 | Zot:5    | 55380 ||| INVOKING Heroism.
 55387 | Zot:5    | 55387 ||| Stepping ~*~*~tactically~*~*~ (hiding).
 55410 | Zot:5    | Killed a Killer Klown
 55415 | Zot:5    | 55415 ||| INVOKING Heroism.
 55518 | Zot:5    | Noticed a Killer Klown
 55519 | Zot:5    | 55519 ||| INVOKING Heroism.
 55528 | Zot:5    | Killed a Killer Klown
 55548 | Zot:5    | 55548 ||| Stepping ~*~*~tactically~*~*~ (stealth).
 55911 | Zot:5    | Noticed an ancient lich
 55912 | Zot:5    | 55912 ||| INVOKING Heroism.
 55913 | Zot:5    | 55913 ||| INVOKING Finesse.
 55918 | Zot:5    | Received a gift from Okawaru
 55923 | Zot:5    | Noticed an ancient lich
 55923 | Zot:5    | Noticed an orb of fire
 55924 | Zot:5    | 55924 ||| DRINKING 5 potions of resistance.
 55924 | Zot:5    | Noticed an orb of fire
 55931 | Zot:5    | Noticed a dread lich
 55934 | Zot:5    | Killed an ancient lich
 55940 | Zot:5    | Gained mutation: You are agile. (Dex +4, Str/Int -1) [an
                  | orb of fire]
 55944 | Zot:5    | Killed an orb of fire
 55949 | Zot:5    | Noticed a Killer Klown
 55951 | Zot:5    | Killed an orb of fire
 55951 | Zot:5    | Noticed an orb of fire
 55955 | Zot:5    | Killed an ancient lich
 55957 | Zot:5    | Noticed a Killer Klown
 55960 | Zot:5    | Noticed a dread lich
 55964 | Zot:5    | Reached skill level 25 in Fighting
 55967 | Zot:5    | Killed a dread lich
 55970 | Zot:5    | Reached XP level 26. HP: 71/188 MP: 28/30
 55970 | Zot:5    | Received a gift from Okawaru
 55972 | Zot:5    | Paralysed by a dread lich for 3 turns
 55972 | Zot:5    | Gained mutation: You are very dopey. (Int -4) [an orb of
                  | fire]
 55975 | Zot:5    | HP: 43/188 [??? (10)]
 55976 | Zot:5    | 55976 ||| READING 17 scrolls of teleportation.
 55976 | Zot:5    | a Killer Klown changed into a titan
 55977 | Zot:5    | 55977 ||| DRINKING 13 potions of heal wounds.
 55981 | Zot:5    | Killed an orb of fire
 55983 | Zot:5    | a Killer Klown changed into a shapeshifter
 55983 | Zot:5    | Received a gift from Okawaru
 55988 | Zot:5    | Killed a dread lich
 56001 | Zot:5    | HP: 46/188 [??? (12)]
 56002 | Zot:5    | 56002 ||| DRINKING 12 potions of heal wounds.
 56378 | Zot:5    | 56378 ||| PLANNING CONVERSION TO THE SHINING ONE
 56378 | Zot:5    | 56378 ||| DROPPING amulet of magic regeneration.
 56406 | Zot:5    | Noticed a dread lich
 56407 | Zot:5    | 56407 ||| INVOKING Heroism.
 56408 | Zot:5    | 56408 ||| INVOKING Finesse.
 56417 | Zot:5    | Killed a dread lich
 56840 | Temple   | Fell from the grace of Okawaru
 56840 | Temple   | Became a worshipper of the Shining One
 56841 | Temple   | 56841 ||| PLANNING CRYPT
 57088 | Crypt:1  | Entered Level 1 of the Crypt
 57106 | Crypt:1  | Was placed under penance by the Shining One
 57110 | Crypt:1  | Fell from the grace of the Shining One
 57206 | Crypt:1  | 57206 ||| Stepping ~*~*~tactically~*~*~ (stealth).
 57230 | Crypt:1  | 57230 ||| Stepping ~*~*~tactically~*~*~ (hiding).
 57313 | Crypt:1  | 57313 ||| Stepping ~*~*~tactically~*~*~ (stealth).
 57324 | Crypt:1  | 57324 ||| Stepping ~*~*~tactically~*~*~ (hiding).
 57327 | Crypt:1  | 57327 ||| Stepping ~*~*~tactically~*~*~ (hiding).
 57330 | Crypt:1  | 57330 ||| Stepping ~*~*~tactically~*~*~ (hiding).
 57403 | Crypt:1  | 57403 ||| Stepping ~*~*~tactically~*~*~ (stealth).
 57405 | Crypt:1  | 57405 ||| Stepping ~*~*~tactically~*~*~ (stealth).
 57407 | Crypt:1  | 57407 ||| Stepping ~*~*~tactically~*~*~ (stealth).
 57408 | Crypt:1  | 57408 ||| Stepping ~*~*~tactically~*~*~ (stealth).
 57917 | Crypt:1  | 57917 ||| Stepping ~*~*~tactically~*~*~ (stealth).
 57941 | Crypt:1  | 57941 ||| Stepping ~*~*~tactically~*~*~ (stealth).
 57972 | Crypt:1  | Noticed Boris
 57989 | Crypt:1  | Killed Boris
 58069 | Crypt:1  | 58069 ||| Stepping ~*~*~tactically~*~*~ (stealth).
 58070 | Crypt:1  | 58070 ||| Stepping ~*~*~tactically~*~*~ (stealth).
 58273 | Crypt:1  | 58273 ||| Stepping ~*~*~tactically~*~*~ (hiding).
 58301 | Crypt:1  | 58301 ||| Stepping ~*~*~tactically~*~*~ (hiding).
 58318 | Crypt:1  | 58318 ||| Stepping ~*~*~tactically~*~*~ (hiding).
 58384 | Crypt:1  | 58384 ||| Stepping ~*~*~tactically~*~*~ (hiding).
 58578 | Crypt:1  | 58578 ||| DROPPING 5 potions of magic.
 58804 | Lair:1   | Became a worshipper of Warmaster Okawaru
 59050 | Crypt:2  | Reached skill level 12 in Dodging
 59063 | Crypt:2  | 59063 ||| FLEEEEING.
 59064 | Crypt:2  | 59064 ||| STAIRDANCE
 59319 | Crypt:2  | 59319 ||| Stepping ~*~*~tactically~*~*~ (hiding).
 59386 | Crypt:2  | 59386 ||| Stepping ~*~*~tactically~*~*~ (hiding).
 59511 | Crypt:2  | Identified the +0 pair of gloves "Wyshuogu" {rElec}
 59570 | Crypt:2  | 59570 ||| Stepping ~*~*~tactically~*~*~ (hiding).
 59723 | Crypt:2  | 59723 ||| Stepping ~*~*~tactically~*~*~ (hiding).
 59725 | Crypt:2  | 59725 ||| Stepping ~*~*~tactically~*~*~ (hiding).
 59792 | Crypt:2  | 59792 ||| Stepping ~*~*~tactically~*~*~ (hiding).
 59803 | Crypt:2  | 59803 ||| INVOKING Heroism.
 60091 | Crypt:2  | 60091 ||| INVOKING Heroism.
 60222 | Crypt:2  | 60222 ||| READING scroll of acquirement.
 60222 | Crypt:2  | 60222 ||| ACQUIRING +3 pair of seven-league boots
                  | {Rampage+∞}
 60222 | Crypt:2  | Acquired the +3 pair of seven-league boots {Rampage+∞}
 60222 | Crypt:2  | Found the +3 pair of seven-league boots {Rampage+∞}
 60224 | Crypt:2  | 60224 ||| UPGRADING to +3 pair of seven-league boots
                  | {Rampage+∞}.
 60234 | Crypt:2  | 60234 ||| DROPPING +2 pair of boots of rampaging.
 60254 | Crypt:2  | Identified the +6 war axe of Jugied {vorpal, Int+2}
 60260 | Crypt:2  | 60260 ||| DROPPING +1 pair of boots.
 60267 | Crypt:2  | 60267 ||| Stepping ~*~*~tactically~*~*~ (stealth).
 60285 | Crypt:2  | 60285 ||| Stepping ~*~*~tactically~*~*~ (stealth).
 60296 | Crypt:2  | Reached skill level 26 in Fighting
 60476 | Crypt:3  | Entered Level 3 of the Crypt
 60549 | Crypt:3  | 60549 ||| INVOKING Heroism.
 60550 | Crypt:3  | 60550 ||| Stepping ~*~*~tactically~*~*~ (stealth).
 60551 | Crypt:3  | 60551 ||| Stepping ~*~*~tactically~*~*~ (stealth).
 60661 | Crypt:3  | 60661 ||| Stepping ~*~*~tactically~*~*~ (stealth).
 60663 | Crypt:3  | 60663 ||| Stepping ~*~*~tactically~*~*~ (stealth).
 60834 | Crypt:3  | 60834 ||| INVOKING Heroism.
 60847 | Crypt:3  | HP: 42/191 [??? (9)]
 60848 | Crypt:3  | 60848 ||| READING 19 scrolls of teleportation.
 60849 | Crypt:3  | 60849 ||| DRINKING 11 potions of heal wounds.
 60851 | Crypt:3  | 60851 ||| DRINKING 10 potions of heal wounds.
 61213 | Crypt:3  | Found the +6 Majin-Bo {vamp, MP+6 Int+6}
 61226 | Crypt:3  | 61226 ||| Stepping ~*~*~tactically~*~*~ (hiding).
 61233 | Crypt:3  | 61233 ||| Stepping ~*~*~tactically~*~*~ (hiding).
 61236 | Crypt:3  | 61236 ||| Stepping ~*~*~tactically~*~*~ (hiding).
 61238 | Crypt:3  | 61238 ||| Stepping ~*~*~tactically~*~*~ (hiding).
 61239 | Crypt:3  | 61239 ||| INVOKING Heroism.
 61260 | Crypt:3  | 61260 ||| Stepping ~*~*~tactically~*~*~ (hiding).
 61261 | Crypt:3  | 61261 ||| Stepping ~*~*~tactically~*~*~ (hiding).
 61320 | Crypt:3  | 61320 ||| Stepping ~*~*~tactically~*~*~ (stealth).
 61323 | Crypt:3  | 61323 ||| Stepping ~*~*~tactically~*~*~ (hiding).
 61324 | Crypt:3  | 61324 ||| Stepping ~*~*~tactically~*~*~ (hiding).
 61325 | Crypt:3  | 61325 ||| Stepping ~*~*~tactically~*~*~ (hiding).
 61340 | Crypt:3  | 61340 ||| INVOKING Heroism.
 61373 | Crypt:3  | 61373 ||| Stepping ~*~*~tactically~*~*~ (hiding).
 61374 | Crypt:3  | 61374 ||| Stepping ~*~*~tactically~*~*~ (hiding).
 61395 | Crypt:3  | 61395 ||| Stepping ~*~*~tactically~*~*~ (stealth).
 61471 | Crypt:3  | 61471 ||| Stepping ~*~*~tactically~*~*~ (hiding).
 61472 | Crypt:3  | 61472 ||| Stepping ~*~*~tactically~*~*~ (hiding).
 61580 | Crypt:3  | 61580 ||| INVOKING Heroism.
 61605 | Crypt:3  | Noticed a dread lich
 61611 | Crypt:3  | Identified the +3 glaive of True Grit {spect, Fly rPois
                  | Str-4 Stlth+}
 61622 | Crypt:3  | Killed a dread lich
 61635 | Crypt:3  | 61635 ||| INVOKING Heroism.
 61641 | Crypt:3  | Reached XP level 27. HP: 152/190 MP: 30/31
 61717 | Crypt:3  | Identified the +4 morningstar of Classification {vorpal,
                  | rCorr Stlth+}
 61722 | Crypt:3  | Identified the ring "Irru" {Fly rElec Int+2}
 61726 | Crypt:3  | Identified the +9 scimitar "Anueh" {vamp, rElec rC+ MP+9
                  | Int+4}
 61789 | Crypt:3  | Found a staircase to the Tomb.
 61969 | Crypt:3  | 61969 ||| PLANNING TOMB
 61969 | Crypt:3  | 61969 ||| DROPPING ring "Irru" {Fly rElec Int+2}.
 62039 | Tomb:1   | Entered Level 1 of the Tomb of the Ancients
 62040 | Tomb:1   | 62040 ||| INVOKING Heroism.
 62217 | Tomb:1   | Identified the +1 ring mail of Xom's Generosity {*Slow rF+
                  | Int+4}
 62250 | Tomb:1   | 62250 ||| INVOKING Heroism.
 62250 | Tomb:1   | Paralysed by a sphinx for 2 turns
 62476 | Tomb:1   | 62476 ||| INVOKING Heroism.
 62487 | Tomb:1   | 62487 ||| Stepping ~*~*~tactically~*~*~ (hiding).
 62514 | Tomb:1   | 62514 ||| INVOKING Heroism.
 62648 | Tomb:1   | 62648 ||| Stepping ~*~*~tactically~*~*~ (stealth).
 62650 | Tomb:1   | 62650 ||| Stepping ~*~*~tactically~*~*~ (stealth).
 62678 | Tomb:1   | 62678 ||| Stepping ~*~*~tactically~*~*~ (stealth).
 62690 | Tomb:1   | 62690 ||| INVOKING Heroism.
 62720 | Tomb:1   | Identified the amulet "Heonott" {Faith Harm Int+7 Dex+4}
 62749 | Tomb:1   | HP: 37/197 [something (18)]
 62750 | Tomb:1   | 62750 ||| READING 18 scrolls of teleportation.
 62751 | Tomb:1   | 62751 ||| DRINKING 9 potions of heal wounds.
 62755 | Tomb:1   | 62755 ||| INVOKING Heroism.
 62807 | Tomb:1   | 62807 ||| INVOKING Heroism.
 63538 | Tomb:1   | 63538 ||| DROPPING scarf of shadows.
 63643 | Tomb:2   | Noticed Boris
 63644 | Tomb:2   | 63644 ||| DRINKING 10 potions of haste.
 63645 | Tomb:2   | 63645 ||| DRINKING 13 potions of attraction.
 63646 | Tomb:2   | 63646 ||| INVOKING Heroism.
 63646 | Tomb:2   | Noticed a royal mummy
 63650 | Tomb:2   | Noticed a royal mummy
 63652 | Tomb:2   | Noticed a royal mummy
 63653 | Tomb:2   | Reached skill level 27 in Fighting
 63656 | Tomb:2   | Noticed a royal mummy
 63658 | Tomb:2   | Killed Boris
 63660 | Tomb:2   | HP: 39/199 [emperor scorpion[a royal mummy] (16)]
 63661 | Tomb:2   | 63661 ||| READING 17 scrolls of teleportation.
 63662 | Tomb:2   | 63662 ||| DRINKING 8 potions of heal wounds.
 63663 | Tomb:2   | 63663 ||| DRINKING 7 potions of heal wounds.
 63757 | Tomb:2   | 63757 ||| INVOKING Heroism.
 63995 | Tomb:2   | 63995 ||| INVOKING Heroism.
 64004 | Tomb:2   | Killed a royal mummy
 64008 | Tomb:2   | 64008 ||| Stepping ~*~*~tactically~*~*~ (hiding).
 64017 | Tomb:2   | Banished a royal mummy
 64030 | Tomb:2   | HP: 48/199 [skeletal warrior/+0 halberd of protection (7)]
 64031 | Tomb:2   | 64031 ||| READING 16 scrolls of teleportation.
 64032 | Tomb:2   | 64032 ||| DRINKING 6 potions of heal wounds.
 64035 | Tomb:2   | HP: 49/199 [emperor scorpion[a royal mummy] (15)]
 64036 | Tomb:2   | 64036 ||| DRINKING 5 potions of heal wounds.
 64047 | Tomb:2   | 64047 ||| INVOKING Heroism.
 64048 | Tomb:2   | HP: 47/199 [torment (10)]
 64049 | Tomb:2   | 64049 ||| READING 15 scrolls of teleportation.
 64050 | Tomb:2   | 64050 ||| DRINKING 4 potions of heal wounds.
 64074 | Tomb:2   | HP: 41/199 [??? (10)]
 64075 | Tomb:2   | 64075 ||| READING 14 scrolls of teleportation.
 64075 | Tomb:2   | HP: 14/199 [death scarab[a royal mummy] (7)]
 64076 | Tomb:2   | 64076 ||| DRINKING 3 potions of heal wounds.
 64077 | Tomb:2   | 64077 ||| READING 13 scrolls of teleportation.
 64078 | Tomb:2   | 64078 ||| DRINKING 2 potions of heal wounds.
 64079 | Tomb:2   | 64079 ||| DRINKING potion of heal wounds.
 64080 | Tomb:2   | 64080 ||| READING 12 scrolls of teleportation.
 64080 | Tomb:2   | HP: 41/199 [??? (9)]
 64081 | Tomb:2   | 64081 ||| INVOKING Heroism.
 64084 | Tomb:2   | 64084 ||| Stepping ~*~*~tactically~*~*~ (hiding).
 64085 | Tomb:2   | 64085 ||| READING 11 scrolls of teleportation.
 64088 | Tomb:2   | HP: 20/199 [mummy priest/divine providence (13)]
 64090 | Tomb:2   | 64090 ||| READING 10 scrolls of teleportation.
 64090 | Tomb:2   | Gained mutation: You sometimes lose your temper in combat.
                  | [mutagenic glow]
 64098 | Tomb:2   | Gained mutation: Your body often deteriorates upon taking
                  | damage. [mutagenic glow]
 64106 | Tomb:2   | Gained mutation: You are weak. (Str -2) [mutagenic glow]
 64163 | Tomb:2   | 64163 ||| INVOKING Heroism.
 64168 | Tomb:2   | HP: 69/298 [??? (16)]
 64170 | Tomb:2   | Killed a royal mummy
 64177 | Tomb:2   | 64177 ||| READING 9 scrolls of teleportation.
 64181 | Tomb:2   | 64181 ||| READING 8 scrolls of teleportation.
 64185 | Tomb:2   | 64185 ||| READING 7 scrolls of teleportation.
 64195 | Tomb:2   | 64195 ||| READING 6 scrolls of teleportation.
 64196 | Tomb:2   | 64196 ||| INVOKING Heroism.
 64198 | Tomb:2   | HP: 34/199 [royal mummy/divine providence (17)]
 64199 | Tomb:2   | 64199 ||| READING 5 scrolls of teleportation.
 64201 | Tomb:2   | HP: 13/199 [death scarab[a royal mummy] (11)]
 64205 | Tomb:2   | 64205 ||| Stepping ~*~*~tactically~*~*~ (hiding).
 64206 | Tomb:2   | 64206 ||| READING 4 scrolls of teleportation.
 64207 | Tomb:2   | HP: 14/199 [??? (3)]
 64208 | Tomb:2   | 64208 ||| READING 3 scrolls of teleportation.
 64210 | Tomb:2   | Slain by a phantasmal warrior

Levels and vault maps discovered:
D:1:      scummos_arrival_hexagon, layout_basic,
          dilly_ecumenical_altar_fadedgnrine, st_stairs_3
D:2:      layout_basic, minivault_24, chequers_garden
D:3:      layout_loops_cross, eat_drink_and_be_merry_uskayaw,
          portal_sewer_entry_a, uniq_crazy_yiuf_cottage
D:4:      layout_loops_ring, serial_co_window_serial, co_window_cross_1,
          co_window_paths_a, co_window_corner_a, co_window_corner_a,
          co_window_cross_1, co_window_paths_c, co_window_corner_cb,
          co_window_corner_b, co_window_corner_ca, co_window_broadway_c,
          co_window_broadway_a, glass_columns_a, glass_columns_b,
          glass_columns_b, glass_columns_a, hangedman_abyss_or_decor_passed,
          chequers_serial_rivers_micro_a, minmay_misc_feat_more_columns
D:5:      wad_pebble_path, layout_basic, serial_shops, shop_fountains,
          mrwooster_statue_mirror
D:6:      layout_rooms, temple_fountains, st_stairs_14, nicolae_shop_fire_sale
          [nicolae_sub_dead_trees], uniq_sigmund
D:7:      layout_loops_corners, grunt_ministairs_1, kennysheep_diamond,
          kennysheep_generic_room_11
D:8:      layout_basic, nicolae_ru_sacrificial_ziggurat,
          mainiacjoe_overflow_catch_the_wave, kennysheep_minor_cross,
          hellmonk_bongcloud_opening, grunt_decor_clamped
D:9:      layout_irregular_city, erik_orc_1, minmay_checkerbox
D:10:     layout_loops_corners
D:11:     layout_roguey, grunt_lair_entry_orc_guard_hut,
          portal_ice_cave_demonic_guard, kennysheep_generic_room_5
D:12:     layout_loops_corners, serial_aquarium, aquarium_bridge_square
          [aquarium_subvault_window, aquarium_subvault_bridge,
          aquarium_subvault_wall, aquarium_subvault_balcony],
          aquarium_bridge_long_joined [aquarium_subvault_wall,
          aquarium_subvault_balcony, aquarium_subvault_bridge,
          aquarium_subvault_bridge, aquarium_subvault_window,
          aquarium_subvault_bridge], aquarium_window_fake, aquarium_window_fake,
          aquarium_window_fake, aquarium_window_corridor_1, aquarium_view_2e,
          aquarium_balcony_5a, trog_hazing_becter
D:13:     layout_basic, erik_vaults_2
D:14:     layout_loops_ring, serial_shops, shop, nicolae_specific_store,
          roderic_batcave, kennysheep_nondescript, uniq_jorgrun, uniq_azrael
D:15:     hangedman_depths_entry_civil_slaughter, layout_loops_ring
Temple:   nicolae_temple_no_exploring_needed
Lair:1:   layout_concentric_octagons, basic_altar, grunt_megastairs_4
Lair:2:   layout_small_grid, elwin_shoals_entry_rooms, beast_lair_carwin_1,
          uniq_urug
Lair:3:   layout_gridlike, spider_nest_entry_rubble
Lair:4:   layout_cave_pods, minmay_holes
Lair:5:   hangedman_lair_tendril_chambers, layout_misc_corridors,
          dpeg_slime_entry_corner, serial_bayou_shore_a, lemuel_fruit_tree
Shoals:1: layout_shoals, gammafunk_ghost_cemetery, uniq_louise
Shoals:2: layout_shoals
Shoals:3: layout_shoals, wheals_shoals_ruined_temple, uniq_ilsuiw
Shoals:4: shoals_end_hellmonk_storm_palace [storm_palace_center_ruins,
          storm_palace_corner_altar, storm_palace_corner_grid,
          storm_palace_corner_reverse_hut, storm_palace_corner_grid]
Spider:1: layout_spider_delve, drop_trap, nicolae_spider_swamp_cousins
Spider:2: layout_spider_delve
Spider:3: layout_spider_delve, uniq_aizul
Spider:4: hellmonk_spider_rune_endless_swarm, uniq_bai_suzhen
Orc:1:    layout_caves, serial_shops, nicolae_shop_hallway_plus
Orc:2:    pubby_orc_utopia
Vaults:1: hangedman_vaults_pinch, hangedman_vaults_trim,
          ontoclasm_vaults_bender, ontoclasm_vaults_spin, v_misc_1,
          v_alt_pattern_3, vaults_dpeg_ring, nicolae_vaults_little_squares_1,
          nicolae_vaults_little_squares_5, grunt_vaults_funnel,
          layout_vaults_omnigrid, uniq_asterion
Vaults:2: v_misc_30, st_more_cells, nicolae_vaults_border_crossing, v_misc_19,
          vaults_room_pool, nicolae_vaults_hallways_thing, v_pattern_1,
          ontoclasm_vaults_chip, vaults_dpeg_emergency_exit,
          hangedman_vaults_snaps, hangedman_vaults_slice,
          nicolae_vaults_specimen_jars, ontoclasm_vaults_twist,
          layout_vaults_big_cross, serial_shops, shop
Vaults:3: gammafunk_ghost_split, minmay_crypt_entry_simple_corners,
          hangedman_vaults_slice, nicolae_vaults_angled_halls,
          nicolae_vaults_little_squares_4, hangedman_vaults_locks,
          nicolae_vaults_little_squares_5, vaults_room_fancy_cross,
          not_door_vault_mu, ontoclasm_vaults_ring_small, nicolae_vaults_theta,
          ontoclasm_vaults_pinch, ontoclasm_vaults_shuriken,
          hangedman_vaults_trim, layout_vaults_maze, serial_shops, shop,
          uniq_boris, uniq_margery, uniq_nikola, uniq_saint_roka
Vaults:4: v_misc_4, nicolae_vaults_an_arrangement, grunt_vaults_twisty,
          nicolae_vaults_windows_and_doors_thing, nicolae_vaults_alarming,
          vaults_standard_mumra_x, v_pattern_4,
          ontoclasm_vaults_decontamination, layout_vaults_chaotic_city
Vaults:5: serial_shops
Crypt:1:  hangedman_screamer, layout_basic, grunt_crypt_arrival_guarded_gate,
          grunt_megastairs_5
Crypt:2:  layout_rooms, st_small_mortuary, roderic_lattice_octagonal_star
Crypt:3:  david_glass_crypt, layout_chaotic_city,
          nicolae_tomb_entry_rubble_hallway
Tomb:1
Tomb:2
Depths:1: layout_twisted_cross, nicolae_qazlal_general_emergency,
          pf_vacation_house_of_asmodeus, fedhas_altar_2
Depths:2: minmay_glassy_protrusions, layout_basic, rand_demon_pan_entry_7,
          hell_entry, abyss_entry, hex_intersection
Depths:3: minmay_split_circle, layout_gridlike, enter_ziggurat_a,
          pf_coc_iceberg, minmay_tree_intersection, abyss_entry_crystal,
          minmay_variable_closet, minmay_starry_boxes, uniq_mennas
Depths:4: grunt_zot_entry_alcove, layout_long_grid, serial_shops, shop,
          nicolae_shop_overgrown_old_shop, shop_fountains, abyss_entry,
          nicolae_wu_jian_immortal_techniques, grunt_hell_entry_dis_grunt,
          grunt_decor_resistance, serial_bayou_shore_b
Zot:1:    layout_misc_corridors, grunt_megastairs_2
Zot:2:    kennysheep_blocky_room, layout_cathedral_of_symmetry,
          guppyfry_library_mini
Zot:3:    layout_twisted_circle
Zot:4:    layout_concentric_octagons, lemuel_lich_library, uniq_tiamat
Zot:5:    layout_basic, skrybe_zot_glass_3

Skill      XL: |  1  2  3  4  5  6  7  8  9 10 11 12 13 14 15 16 17 18 19 20 21 22 23 24 25 26 27 |
---------------+----------------------------------------------------------------------------------+-----
Axes           | 2 3 5 6 7 8 9 10 12 13 15 17 18 | 18.0
Fighting       | 4 5 6 7 8 9 10 11 12 14 15 17 18 20 22 23 25 26 27 | 27.0
Dodging        | 1 2 3 4 5 6 7 11 12 13 | 13.9
Armour         | 4 5 6 7 8 9 11 13 14 16 17 18 20 22 23 | 23.2
Throwing       | 1 4 5 6 8 9 10 11 12 13 14 | 14.0
Shields        | 4 5 6 7 11 16 17 18 19 20 21 22 | 22.0
Invocations    | 4 7 10 11 | 11.8

Action                   |  1- 3 |  4- 6 |  7- 9 | 10-12 | 13-15 | 16-18 | 19-21 | 22-24 | 25-27 || total
-------------------------+-------+-------+-------+-------+-------+-------+-------+-------+-------++-------
Melee: War axe           |   113 |   152 |   297 |   360 |       |       |       |       |       ||   922
       Broad axe         |       |       |       |    94 |   855 |  1201 |  1228 |  1196 |  1182 ||  5756
       Hand axe          |       |       |       |       |    14 |     6 |       |       |       ||    20
Throw: Boomerang         |       |       |    69 |    80 |    94 |    35 |    36 |    14 |     4 ||   332
       Javelin           |       |       |       |    21 |    96 |    97 |    74 |   148 |   210 ||   646
Invok: Heroism           |       |       |     4 |    21 |    36 |    44 |    49 |    47 |    37 ||   238
       Finesse           |       |       |       |     3 |    10 |    15 |    13 |    13 |     7 ||    61
  Use: Scroll            |     1 |     7 |     7 |     6 |     4 |     4 |     9 |     5 |    19 ||    62
       Potion            |       |     5 |     4 |     2 |       |     6 |     4 |     5 |    16 ||    42
 Stab: Petrified         |       |       |       |     2 |       |       |       |     3 |     1 ||     6
       Confused          |       |       |       |       |       |       |     4 |    13 |    25 ||    42
       Paralysed         |       |       |       |       |       |       |       |     1 |     7 ||     8
       Petrifying        |       |       |       |       |       |       |       |     1 |     1 ||     2
       Distracted        |       |       |       |       |       |       |       |       |     1 ||     1
Armor: Scale mail        |    57 |    69 |    18 |       |       |       |       |       |       ||   144
       Plate armour      |       |       |   185 |   121 |       |       |       |       |       ||   306
       Chain mail        |       |       |       |    62 |   360 |   550 |   431 |   250 |       ||  1653
       Gold dragon scale |       |       |       |       |       |       |       |   304 |   396 ||   700
Dodge: Dodged            |    39 |    58 |   105 |   152 |   226 |   283 |   206 |   208 |   284 ||  1561
Block: Buckler           |    11 |    29 |    48 |   103 |    64 |       |       |       |       ||   255
       Kite shield       |       |       |       |       |    90 |       |       |       |       ||    90
       Tower shield      |       |       |       |       |   298 |  1079 |  1031 |  1200 |  1234 ||  4842
       Reflection        |       |       |       |       |       |       |    43 |    39 |    26 ||   108

Table legend:
 A = Non-vault XP
 B = Vault XP
 C = Vault XP percentage of total XP
 D = Non-vault monster count
 E = Vault monster count
 F = Vault count percentage of total count
                 A         B        C        D         E       F
            +---------+---------+-------+---------+---------+-------
      Total |  748180 |  592610 |  44.2 |    1408 |     860 |  37.9
            +---------+---------+-------+---------+---------+-------
        D:1 |      41 |       5 |  10.9 |      26 |       3 |  10.3
        D:2 |      28 |       0 |   0.0 |      17 |       0 |   0.0
        D:3 |     160 |      17 |   9.6 |      17 |       3 |  15.0
        D:4 |     240 |       0 |   0.0 |      13 |       0 |   0.0
        D:5 |     442 |       0 |   0.0 |      13 |       0 |   0.0
        D:6 |    1538 |     264 |  14.7 |      30 |       3 |   9.1
        D:7 |     218 |     243 |  52.7 |      16 |       6 |  27.3
        D:8 |    1993 |       0 |   0.0 |      18 |       0 |   0.0
        D:9 |    2760 |    2201 |  44.4 |      20 |      21 |  51.2
       D:10 |     831 |       0 |   0.0 |      11 |       0 |   0.0
       D:11 |    1735 |    2556 |  59.6 |      10 |      10 |  50.0
       D:12 |    6185 |      11 |   0.2 |      22 |       6 |  21.4
       D:13 |    5144 |    6925 |  57.4 |      13 |       8 |  38.1
       D:14 |    7435 |    3514 |  32.1 |      15 |      12 |  44.4
       D:15 |    9214 |    3972 |  30.1 |      26 |       6 |  18.8
     Lair:1 |    6792 |     351 |   4.9 |      29 |       3 |   9.4
     Lair:2 |    3364 |    3378 |  50.1 |      14 |      11 |  44.0
     Lair:3 |    3790 |     289 |   7.1 |      10 |       1 |   9.1
     Lair:4 |    5365 |       0 |   0.0 |      19 |       0 |   0.0
     Lair:5 |   22409 |    9654 |  30.1 |      64 |      35 |  35.4
   Shoals:1 |   10539 |    1180 |  10.1 |      20 |       1 |   4.8
   Shoals:2 |   10944 |       0 |   0.0 |      20 |       0 |   0.0
   Shoals:3 |   26648 |    5937 |  18.2 |      49 |       8 |  14.0
   Shoals:4 |   24062 |   25865 |  51.8 |      54 |      57 |  51.4
   Spider:1 |   17653 |    3773 |  17.6 |      53 |      13 |  19.7
   Spider:2 |   18554 |       0 |   0.0 |      40 |       0 |   0.0
   Spider:3 |   13104 |    1202 |   8.4 |      36 |       1 |   2.7
   Spider:4 |   25232 |   24764 |  49.5 |      56 |      43 |  43.4
      Orc:1 |    4292 |     181 |   4.0 |      37 |      16 |  30.2
      Orc:2 |       0 |   21033 | 100.0 |       0 |     125 | 100.0
   Vaults:1 |   26020 |   20823 |  44.5 |      37 |      29 |  43.9
   Vaults:2 |   19688 |   23429 |  54.3 |      34 |      32 |  48.5
   Vaults:3 |   13929 |   20853 |  60.0 |      19 |      18 |  48.6
   Vaults:4 |   32418 |   57877 |  64.1 |      42 |      75 |  64.1
   Vaults:5 |   23986 |   60309 |  71.5 |      35 |      48 |  57.8
    Crypt:1 |   16850 |   29296 |  63.5 |      37 |      41 |  52.6
    Crypt:2 |   28312 |    1796 |   6.0 |      49 |       3 |   5.8
    Crypt:3 |   27931 |   23321 |  45.5 |      32 |      15 |  31.9
     Tomb:1 |   13011 |   28273 |  68.5 |      34 |      33 |  49.3
     Tomb:2 |   11213 |   24446 |  68.6 |      32 |      35 |  52.2
   Depths:1 |   27885 |       0 |   0.0 |      34 |       0 |   0.0
   Depths:2 |   40229 |    5820 |  12.6 |      53 |       6 |  10.2
   Depths:3 |   25730 |   18927 |  42.4 |      26 |      19 |  42.2
   Depths:4 |   13365 |   16190 |  54.8 |      14 |      15 |  51.7
      Zot:1 |   34713 |    3865 |  10.0 |      27 |       4 |  12.9
      Zot:2 |   37139 |   26672 |  41.8 |      32 |      18 |  36.0
      Zot:3 |   50819 |       0 |   0.0 |      45 |       0 |   0.0
      Zot:4 |   37024 |   40161 |  52.0 |      29 |      46 |  61.3
      Zot:5 |   37057 |   73237 |  66.4 |      28 |      31 |  52.5
    Abyss:2 |     149 |       0 |   0.0 |       1 |       0 |   0.0
            +---------+---------+-------+---------+---------+-------
